Cogmind - Beta 14 @@@ ROGUE MODE // 2024.09.25 @ 17:20:00 Player: Dosh Result: Fortifying 0b10! Performance ------------- Evolutions (9) 4500 Regions Visited (35) 7000 Robots Destroyed (479) 2395 Value Destroyed (32495) 32495 Prototype IDs (77) 1540 Alien Tech Used (9) 1800 Bonus (37401) 37401 TOTAL SCORE: 87131 Bonus ------- Triggered High Security 500 High Alert Combat Kills 3308 Follower Combat Kills 18088 Entered Garrisons 2200 Used RIF Installer 7500 Aligned with FarCom 300 Met MAIN.C 5000 Destroyed MAIN.C Shell 5000 Win 3000 Friendly Fire -7495 Cogmind --------- Core Integrity 1352/1600 Matter 122/300 Energy 1200/1200 System Corruption 11% Temperature Warm (198) Movement Immobile (Siege) Location By MAIN.C's Side Parts ------- > --- POWER (3) -------- Improved Quantum Reactor Vortex Chain Reactor > --- PROPULSION (6) --- Improved Heavy Treads Biometal Heavy Treads Enhanced Armored Heavy Treads > --- UTILITY (13) ----- Huge Storage Unit Experimental Targeting Computer Experimental Core Analyzer Precision Matter Filter Improved Kinecellerator Advanced Weapon Cycler Heavy Regenerative Plating Experimental Focal Shield Advanced Force Field Relay Coupler [C] (32) High-powered Tractor Beam > --- WEAPON (4) ------- Omega Cannon Omega Cannon > --- INVENTORY (25) --- Improved Quantum Reactor Vortex Chain Reactor Armored Medium Treads Improved Heavy Treads Biometal Heavy Treads Kinecellerator Quantum Capacitor Improved Matter Neutralizer Improved Matter Neutralizer Enhanced Nova Cannon Enhanced Nova Cannon Core Cannon Graviton Cannon Graviton Cannon Micro-nuke Launcher Peak State ------------ > --- POWER ------------ Improved Quantum Reactor Vortex Chain Reactor > --- PROPULSION ------- Improved Heavy Treads Biometal Heavy Treads Enhanced Armored Heavy Treads > --- UTILITY ---------- Huge Storage Unit Experimental Targeting Computer Experimental Core Analyzer Precision Matter Filter Improved Kinecellerator Advanced Weapon Cycler Improved Utility Shielding Heavy Regenerative Plating Experimental Focal Shield Advanced Force Field Relay Coupler [C] Experimental System Purifier > --- WEAPON ----------- Omega Cannon Omega Cannon > --- INVENTORY -------- Improved Quantum Reactor Vortex Chain Reactor Armored Medium Treads Improved Heavy Treads Biometal Heavy Treads Superbattery Kinecellerator Quantum Capacitor High-powered Tractor Beam Improved Matter Neutralizer Improved Matter Neutralizer Enhanced Nova Cannon Enhanced Nova Cannon Core Cannon Graviton Cannon Graviton Cannon Micro-nuke Launcher [Rating: 245] Favorites ----------- Power Quantum Reactor Engine Cooled Ion Engine Power Core Neutrino Core Reactor Quantum Reactor Propulsion Improved Heavy Treads Treads Improved Heavy Treads Utility Huge Storage Unit Device Improved Cooling System Storage Huge Storage Unit Processor Core Analyzer Hackware Relay Coupler [NC] Protection Layered Heavy Armor Plating Artifact Core Physics Calibrator Weapon Enhanced Autogun Energy Gun Improved EM Shotgun Energy Cannon Enhanced Nova Cannon Ballistic Gun Enhanced Autogun Ballistic Cannon Gauss Cannon Launcher Rocket Launcher Special Weapon Advanced Remote Datajack Special Melee Weapon Datajack Build | -11 -10 -10 -9 -9 -9 -8 -8 -8 -8 -8 -7 -7 -7 -7 -7 -7 -6 -6 -5 -5 -4 -4 -3 -3 -3 -3 -3 -2 -2 -2 -2 -2 -2 -1 -1 ------- Run | Yrd Mat Min Mat Min Exi Min Mat Gar Mat Gar Fac Was Fac Gar Fac Gar Fac Gar Fac Gar Fac Gar Res Gar Res Tes Gar Res Gar Res Qua Sec Gar Acc Com Slots Evolved 18 | . . . 2 . . . 2 . . . 2 . . . . . 2 . 2 . 2 . 2 . . . . 2 . . . . . 2 . Power 2 | . . . . . . . . . . . . . . . . . 1 . . . . . . . . . . 1 . . . . . . . Propulsion 4 | . . . 1 . . . . . . . 1 . . . . . . . . . 1 . 1 . . . . . . . . . . . . Utility 11 | . . . 1 . . . 2 . . . 1 . . . . . 1 . 2 . 1 . 1 . . . . . . . . . . 2 . Weapon 1 | . . . . . . . . . . . . . . . . . . . . . . . . . . . . 1 . . . . . . . Parts Attached 504 | 6 10 2 24 4 3 5 16 13 15 12 32 11 2 29 17 20 9 17 27 11 5 28 1 15 2 20 19 4 7 9 16 21 24 23 25 Power 28 | 1 1 1 3 . . . 1 1 . 1 . 1 . . . . 2 . . . . 3 . 2 . . 1 1 . 1 1 2 2 1 2 Engine 7 | 1 1 . 2 . . . 1 . . 1 . . . . . . 1 . . . . . . . . . . . . . . . . . . Core 4 | . . 1 1 . . . . 1 . . . . . . . . . . . . . 1 . . . . . . . . . . . . . Reactor 17 | . . . . . . . . . . . . 1 . . . . 1 . . . . 2 . 2 . . 1 1 . 1 1 2 2 1 2 Propulsion 56 | 2 1 1 10 . 1 . 1 1 3 1 3 2 . . 1 3 . . 2 . 1 2 1 4 . 2 3 3 . 2 . . 3 1 2 Treads 56 | 2 1 1 10 . 1 . 1 1 3 1 3 2 . . 1 3 . . 2 . 1 2 1 4 . 2 3 3 . 2 . . 3 1 2 Leg . | . . . . . . . . . . . . . . . . . . . . . . . . . . . . . . . . . . . . Wheel . | . . . . . . . . . . . . . . . . . . . . . . . . . . . . . . . . . . . . Hover . | . . . . . . . . . . . . . . . . . . . . . . . . . . . . . . . . . . . . Flight . | . . . . . . . . . . . . . . . . . . . . . . . . . . . . . . . . . . . . Utility 206 | 1 4 . 7 1 . 1 6 6 4 1 5 2 . 10 5 7 1 9 20 4 3 10 . 3 2 13 8 . 5 6 7 11 17 15 12 Device 87 | . 1 . . . . . 3 3 1 . 2 2 . 5 2 4 . 2 9 2 1 2 . 1 . 9 4 . . 4 4 6 7 2 11 Storage 7 | 1 1 . 1 . . . . . 2 . . . . . . . . . . . . . . . . 1 . . . . . 1 . . . Processor 6 | . . . . 1 . . . 1 . . . . . . . . . . . . . . . . 1 . 1 . . . . . 1 1 . Hackware 79 | . . . . . . . 1 1 . 1 3 . . 5 1 3 1 6 10 2 2 7 . 2 1 1 3 . 5 2 2 3 6 11 . Protection 26 | . 2 . 6 . . 1 2 1 1 . . . . . 2 . . 1 1 . . 1 . . . 2 . . . . 1 1 2 1 1 Artifact 1 | . . . . . . . . . . . . . . . . . . . . . . . . . . . . . . . . . 1 . . Weapon 214 | 2 4 . 4 3 2 4 8 5 8 9 24 6 2 19 11 10 6 8 5 7 1 13 . 6 . 5 7 . 2 . 8 8 2 6 9 Energy Gun 7 | 2 . . . 1 . 1 2 . . . . . . . . . . 1 . . . . . . . . . . . . . . . . . Energy Cannon 61 | . . . . . 1 . 1 . . 2 1 1 . . . 3 2 3 3 5 1 7 . 4 . 3 2 . 2 . 7 5 1 5 2 Ballistic Gun 58 | . 4 . 4 1 . 2 1 4 4 4 11 4 1 7 5 3 1 1 . . . . . . . . . . . . . . . 1 . Ballistic Cannon 27 | . . . . . . . 3 1 1 1 2 . . 6 . 1 1 1 . . . . . . . . 1 . . . 1 1 . . 7 Launcher 12 | . . . . 1 . 1 . . 3 . 1 . . . 1 . 1 . . 1 . 2 . . . . 1 . . . . . . . . Special Weapon 47 | . . . . . . . . . . 2 9 1 1 6 5 3 1 2 2 1 . 4 . 2 . 2 3 . . . . 2 1 . . Impact Weapon . | . . . . . . . . . . . . . . . . . . . . . . . . . . . . . . . . . . . . Slashing Weapon . | . . . . . . . . . . . . . . . . . . . . . . . . . . . . . . . . . . . . Piercing Weapon . | . . . . . . . . . . . . . . . . . . . . . . . . . . . . . . . . . . . . Special Melee Weapon 2 | . . . . . 1 . 1 . . . . . . . . . . . . . . . . . . . . . . . . . . . . Unidentified Prototypes 31 | . . . 2 . . . 1 . . . . . . . . 1 . . 5 . . . . . . 1 2 . . . 2 5 3 . 9 Parts Lost 29 | . 2 1 1 . . . 1 . . 2 1 . . . 3 . 1 . . . . 1 . . . 4 4 . . . . 2 2 1 3 Power 5 | . . . . . . . . . . 1 . . . . . . . . . . . 1 . . . . 1 . . . . . 1 . 1 Propulsion 7 | . 1 1 . . . . . . . 1 1 . . . . . . . . . . . . . . 1 2 . . . . . . . . Utility 12 | . 1 . 1 . . . 1 . . . . . . . 2 . . . . . . . . . . 3 . . . . . 1 1 . 2 Weapon 5 | . . . . . . . . . . . . . . . 1 . 1 . . . . . . . . . 1 . . . . 1 . 1 . Highest Loss Streak 3 | . 2 1 1 . . . 1 . . 2 1 . . . 2 . 1 . . . . 1 . . . 3 1 . . . . 1 1 1 1 To Critical Strikes 1 | . . . . . . . . . . . . . . . . . . . . . . . . . . . . . . . . . 1 . . Average Slot Usage (%) 85 | . 94 100 99 100 84 100 99 99 99 89 91 81 76 75 80 75 79 80 82 87 83 82 79 81 84 81 79 76 79 80 82 81 71 75 74 Engine 3 | . 14 9 7 11 11 11 9 7 . 7 7 1 . . . . . 6 5 5 5 1 . . . . . . . . . . . . . Reactor 5 | . . . . . . . . . . . . 5 7 7 7 7 11 6 5 5 5 4 4 8 9 9 8 11 13 12 13 12 11 11 9 Treads 19 | . 26 28 32 33 33 33 27 27 27 27 29 20 15 15 14 14 13 13 13 17 14 14 17 19 19 17 13 12 13 12 13 12 11 11 11 Device 8 | . 3 . . . . . 8 10 8 9 11 7 7 9 4 4 6 6 9 11 12 14 14 14 13 16 18 17 17 12 11 8 7 5 11 Storage 6 | . 14 14 11 11 11 11 9 9 9 9 7 7 7 7 7 7 6 6 5 5 5 5 4 4 4 4 4 4 4 4 4 4 4 3 3 Processor 1 | . . . . . 11 11 9 8 . . . . . . . . . . . . . . . . . . . . . . . . 3 7 7 Hackware 15 | . . . . . . . 8 9 17 9 10 15 15 12 22 17 20 20 22 22 23 21 19 20 22 20 19 17 19 25 26 28 17 19 11 Protection 6 | . 8 14 22 21 11 11 9 7 9 9 7 7 7 7 6 7 6 6 4 5 5 5 4 4 4 3 4 4 1 . 1 1 3 3 6 Energy Gun 1 | . 7 . . 7 . 11 6 . . . . . . . . . . . . . . . . . . . . . . . . . . . . Energy Cannon 3 | . . . . . 3 . . . . 3 . 4 . . . 2 2 5 5 4 5 4 4 4 4 6 3 4 5 8 7 7 5 4 4 Ballistic Gun 6 | . 20 28 21 14 . 10 3 12 17 10 11 9 13 11 13 10 4 . . . . . . . . . . . . . . . . 2 . Special Weapon 2 | . . . . . . . . . . 2 1 . 1 . 1 1 4 5 5 5 4 4 4 4 4 2 3 4 4 4 4 4 4 3 1 Peak Build Rating 245 | 6 10 13 25 28 34 35 40 46 53 55 59 76 72 75 73 71 84 87 113 116 123 123 131 153 154 159 161 173 183 182 191 191 200 211 245 Average Rating 98 | 3 8 10 23 25 25 33 38 41 45 52 56 67 72 73 66 66 82 85 102 111 121 119 128 139 152 151 152 167 176 176 180 183 180 190 216 On Entrance 94 | . 6 10 13 24 28 34 34 40 46 53 52 52 72 72 73 66 71 82 87 112 115 121 121 131 153 148 151 155 173 182 177 185 183 174 211 Naked Turns . | . . . . . . . . . . . . . . . . . . . . . . . . . . . . . . . . . . . . Heaviest Build 228 | 12 32 34 69 63 62 63 72 77 125 126 126 131 124 133 127 129 146 144 156 160 166 173 165 180 180 181 165 185 196 197 199 199 210 215 228 Greatest Support 235 | 40 40 40 64 64 67 67 67 67 64 64 86 140 140 140 140 150 150 150 155 155 190 190 230 235 235 235 225 230 230 230 230 230 230 225 230 Greatest Overweight (x) 2 | . 1 1 1 . . . 1 1 2 1 1 1 . . . 1 . . 1 1 . . . . . 1 1 1 . 1 . . 1 . 1 Average Overweight (x) . | . . . . . . . . . 1 1 1 . . . . . . . . . . . . . . . . . . . . . . . . Largest Inventory Capacity 25 | 8 15 15 20 20 20 20 20 20 25 25 25 25 25 25 25 25 25 25 25 25 25 25 25 25 25 25 25 25 25 25 25 25 25 25 25 Average Capacity 23 | 6 11 15 17 20 20 20 20 20 24 25 25 25 25 25 25 25 25 25 25 25 25 25 25 25 25 25 25 25 25 25 25 25 25 25 25 Most Carried 25 | 1 13 14 18 20 20 20 20 20 24 25 25 25 25 25 25 25 25 25 25 25 25 25 25 25 25 24 25 25 25 25 25 25 25 25 25 Average Carried 21 | . 8 13 15 19 19 20 19 19 20 23 23 24 25 24 23 24 23 23 23 24 22 24 24 24 24 20 23 24 24 23 24 23 24 24 22 Final Capacity 25 | 8 15 15 20 20 20 20 20 20 25 25 25 25 25 25 25 25 25 25 25 25 25 25 25 25 25 25 25 25 25 25 25 25 25 25 25 Final Carried 25 | 1 13 14 18 20 20 20 20 20 22 25 24 25 25 24 25 25 25 25 25 25 21 25 25 25 22 24 24 24 25 24 24 25 25 23 20 Class Distribution -------------------- 40% | Botlord-Mutant 29% | Mutant 10% | Bothacker-Mutant 9% | Botlord-Gunner 3% | Botlord-Tank Dominant Class ---------------- Mutant | -10/Materials Mutant | -10/Mines Mutant | -9/Materials Mutant | -9/Mines Mutant | -9/Exiles Mutant | -8/Mines Mutant | -8/Materials Mutant | -8/Garrison Mutant | -8/Materials Bothacker-Mutant | -8/Garrison Botlord-Mutant | -7/Factory Bothacker-Mutant | -7/Waste Bothacker-Mutant | -7/Factory Botlord-Mutant | -7/Garrison Botlord-Mutant | -7/Factory Botlord-Mutant | -7/Garrison Botlord-Mutant | -6/Factory Botlord-Mutant | -6/Garrison Botlord-Mutant | -5/Factory Botlord-Mutant | -5/Garrison Botlord-Mutant | -4/Factory Botlord-Mutant | -4/Garrison Botlord-Mutant | -3/Research Botlord-Mutant | -3/Garrison Botlord-Mutant | -3/Research Botlord-Mutant | -3/Testing Botlord-Mutant | -3/Garrison Botlord-Mutant | -2/Research Commander-Mutant | -2/Garrison Commander-Gunner | -2/Research Botlord-Gunner | -2/Quarantine Botlord-Tank | -2/Section 7 Botlord-Mutant | -2/Garrison Botlord-Gunner | -1/Access Botlord-Gunner | -1/Command Resources | -11 -10 -10 -9 -9 -9 -8 -8 -8 -8 -8 -7 -7 -7 -7 -7 -7 -6 -6 -5 -5 -4 -4 -3 -3 -3 -3 -3 -2 -2 -2 -2 -2 -2 -1 -1 ----------- Run | Yrd Mat Min Mat Min Exi Min Mat Gar Mat Gar Fac Was Fac Gar Fac Gar Fac Gar Fac Gar Fac Gar Res Gar Res Tes Gar Res Gar Res Qua Sec Gar Acc Com Matter Collected 19311 | 173 568 189 972 170 . 223 692 387 963 393 907 1233 . 933 818 959 147 423 453 262 164 708 . 427 150 711 842 166 600 268 351 804 827 590 1838 Remotely 1295 | . . . . . . . . . . . . . . . . . . . . . . . . . . . . . . . . . . . 1295 Salvage Created 24077 | . 894 251 1544 87 . 206 972 361 1497 290 1094 1679 . 628 1088 1265 320 180 1088 426 417 822 . 534 39 1262 700 . 368 70 92 1846 1641 846 1570 Parts 1145 | . 46 13 106 5 . 19 70 28 99 22 56 39 . 30 70 56 18 4 29 22 23 44 . 19 2 60 25 . 19 5 3 76 49 32 56 Haulers Intercepted 14 | . 2 . 5 . . . 3 . 2 . 1 . . . 1 . . . . . . . . . . . . . . . . . . . . Recyclers Shooed 20 | . 1 . 1 . . . 1 . 1 . . . . . 1 . 1 . 8 . . . . . . 2 . . . . . . . 3 1 Parts Field Recycled . | . . . . . . . . . . . . . . . . . . . . . . . . . . . . . . . . . . . . Retrieved Matter . | . . . . . . . . . . . . . . . . . . . . . . . . . . . . . . . . . . . . Parts Self-Destructed . | . . . . . . . . . . . . . . . . . . . . . . . . . . . . . . . . . . . . Prevented . | . . . . . . . . . . . . . . . . . . . . . . . . . . . . . . . . . . . . Kills | -11 -10 -10 -9 -9 -9 -8 -8 -8 -8 -8 -7 -7 -7 -7 -7 -7 -6 -6 -5 -5 -4 -4 -3 -3 -3 -3 -3 -2 -2 -2 -2 -2 -2 -1 -1 ------- Run | Yrd Mat Min Mat Min Exi Min Mat Gar Mat Gar Fac Was Fac Gar Fac Gar Fac Gar Fac Gar Fac Gar Res Gar Res Tes Gar Res Gar Res Qua Sec Gar Acc Com Combat Hostiles Destroyed 361 | . 19 8 29 2 . 8 21 10 31 9 21 6 . 12 15 14 9 5 10 9 4 19 . 1 . 17 8 . 6 1 1 20 17 5 24 Melee 4 | . 1 . . . . . . . . . . . . . . . . . . . . 1 . . . . 1 . . . . . 1 . . Guns 163 | . 18 8 29 2 . 8 10 10 18 5 12 5 . 11 13 12 . 1 . . . . . . . . . . . . . . . 1 . Cannons 129 | . . . . . . . 11 . . 4 1 1 . 1 . 2 5 3 10 7 2 3 . 1 . 13 5 . 6 1 . 15 11 3 24 AOE 42 | . . . . . . . . . 13 . 8 . . . 2 . 3 . . 2 . 13 . . . . 1 . . . . . . . . Classes Destroyed 27 | . 6 . 4 1 . 2 . 1 1 2 1 2 . . . 1 . 1 . . . 2 . . . 1 . . . . . 1 . . 1 Worker 22 | . 1 . 3 . . 1 1 . 3 . 4 . . . 3 . 2 . . . . . . . . 2 . . . . . . . 2 . Builder 18 | . . . . . . 1 2 . 1 . 2 . . . 2 . . . . . 5 . . . . 2 . . . 1 . . . 2 . Tunneler 2 | . . . . 1 . . . . . . . . . . 1 . . . . . . . . . . . . . . . . . . . . Hauler 14 | . 2 . 5 . . . 3 . 2 . 1 . . . 1 . . . . . . . . . . . . . . . . . . . . Recycler 18 | . . . 2 . . . . . 1 . 3 . . . 2 . . . 4 . . . . . . 1 . . . . . . . 1 4 Mechanic 1 | . . . 1 . . . . . . . . . . . . . . . . . . . . . . . . . . . . . . . . Operator 3 | . 1 . . . . . . . 1 . . . . . 1 . . . . . . . . . . . . . . . . . . . . Watcher 25 | . 3 . 5 . . . 3 . 4 . . . . . 3 . 1 . 1 . 2 . . . 1 . . . . . 1 . . . 1 Swarmer 67 | . 3 3 7 . . 7 3 4 6 3 2 . . . . 4 8 2 4 2 . 5 . . . . . . 1 . . . 2 1 . Cutter 3 | . . . . . . . . . . 1 . . . . . . . . . 2 . . . . . . . . . . . . . . . Saboteur 12 | . . . . . . . . . . . . . . . . . . . . . . 10 . . . . 1 . . . . . 1 . . Grunt 124 | . 16 5 13 1 . 1 12 2 14 2 12 . . 6 8 5 2 1 1 2 1 2 . 1 . 3 2 . 2 . . 5 4 . 1 Brawler 9 | . . . 1 1 . . . . 3 . 1 . . . 1 1 . . . . . . . . . . 1 . . . . . . . . Duelist 6 | . . . . . . . . 1 1 . . . . 1 1 . . 1 . . . . . . . . 1 . . . . . . . . Protector 2 | . . . . . . . . . 1 . 1 . . . . . . . . . . . . . . . . . . . . . . . . Researcher 1 | . . . . . . . . . . . . . . . . . . . . . . . . . . . . . . . . 1 . . . Sentry 39 | . . . 8 . . . 5 3 6 1 2 . . 2 2 . . . . . . . . . . . 2 . . . . 4 4 . . Demolisher 1 | . . . . . . . . . . . . . . . . . . . . 1 . . . . . . . . . . . . . . . Specialist 5 | . . . . . . . . . . . . . . . . 1 . . . 1 . . . . . 3 . . . . . . . . . Hunter 17 | . . . . . . 1 1 . . . 1 . . . . . . . 2 . 1 1 . . . . . . . . . 1 2 5 2 Programmer 48 | . . . . . . . . . . 2 2 . . 2 3 3 . . 3 1 2 1 . . . 10 . . 3 1 . 8 3 1 3 Heavy 3 | . . . . . . . . . . . 1 . . . . . . . . . . . . . . . . . . . . . . 1 1 Behemoth 5 | . . . . . . . . . . . . . . . . . . 1 . 1 . . . . . . 1 . . . . 1 1 . . Compactor 6 | . . . . . . . . . . . . 6 . . . . . . . . . . . . . . . . . . . . . . . S7 Guard 1 | . . . . . . . . . . . . . . . . . . . . . . . . . . . . . . . . 1 . . . Enhanced Q-Series 17 | . . . . . . . . . . . . . . . . . . . . . . . . . . . . . . . . . . . 17 Executioner 3 | . . . . . . . . . . . . . . . . . . . . . . 1 . . . . . . . . . 2 . . . Alpha 7 2 | . . . . . . . . . . . . . . . . . . . . . . . . . . 1 . . . . 1 . . . . Wasp 1 | . . . . . . . . . . . . 1 . . . . . . . . . . . . . . . . . . . . . . . Savage 1 | . . . . . . . . . . . . . . 1 . . . . . . . . . . . . . . . . . . . . . Martyr 2 | . . . . . . . . . . . . 2 . . . . . . . . . . . . . . . . . . . . . . . Best Kill Streak 11 | . 4 3 11 2 . 5 5 3 10 3 7 1 . 4 5 7 6 1 3 2 5 8 . 1 1 6 3 . 4 1 1 4 6 2 5 Combat Bots Only 8 | . 3 3 4 2 . 3 3 3 5 3 5 1 . 4 3 7 5 1 3 2 2 8 . 1 . 6 3 . 4 1 1 4 6 2 4 Max Kills in Single Turn 5 | . 2 2 2 1 . 2 2 1 4 1 3 1 . 1 1 1 4 1 1 2 1 5 . 1 1 1 1 . 1 1 1 1 1 3 1 Gunslinging 1 | . . 1 1 . . . . . . . . . . . . . . . . . . . . . . . . . . . . . . . . Exploded 5 | . . . . . . . . . 3 . 2 . . . 1 . 3 . . 2 . 5 . . . . 1 . . . . . . . . Melee 1 | . 1 . . . . . . . . . . . . . . . . . . . . 1 . . . . 1 . . . . . 1 . . Uniques/NPCs Destroyed 1 | . . . . . . . . . . . . . . . . . . . . . . . . . . . . . . . . . . . 1 MAIN.C Shell (-1/Command) Combat | -11 -10 -10 -9 -9 -9 -8 -8 -8 -8 -8 -7 -7 -7 -7 -7 -7 -6 -6 -5 -5 -4 -4 -3 -3 -3 -3 -3 -2 -2 -2 -2 -2 -2 -1 -1 -------- Run | Yrd Mat Min Mat Min Exi Min Mat Gar Mat Gar Fac Was Fac Gar Fac Gar Fac Gar Fac Gar Fac Gar Res Gar Res Tes Gar Res Gar Res Qua Sec Gar Acc Com Hostile Shots Fired 2395 | . 62 35 92 1 . 18 84 43 88 44 196 . 4 205 153 53 27 56 47 56 36 73 . 58 24 141 117 5 25 7 19 199 147 49 231 Missed 651 | . 13 8 16 1 . 5 23 9 28 10 79 . 1 50 47 17 5 29 12 19 14 22 . 25 7 27 33 1 7 4 9 41 25 13 51 Damage Taken 24946 | . 646 344 917 30 . 172 658 382 696 300 986 . 44 1224 1073 579 424 531 596 451 340 637 . 390 350 2349 1620 61 249 87 295 2487 1728 797 3503 Core 1762 | . 62 54 43 . . 7 131 38 72 25 37 . . 124 76 . . 31 . 39 12 80 . 15 74 83 159 . 18 . . 127 76 91 288 Absorbed by Shields 12005 | . . . . . . . 240 32 267 119 268 . . 326 295 31 . . 391 306 352 600 . 299 70 695 541 59 260 50 . 2024 1454 322 3004 Reduced by Siege Mode 1229 | . . . . . . . . . . . . . . . 37 . . . . . . 11 . . . 223 219 . . . . 316 115 . 308 Redirected to Shielding 207 | . . . . . . . . . . . . . . . . . . . . . . . . . . 7 92 13 7 . . 35 . . 53 Ignored by Resistances 866 | . . . 70 . . . . . . . . . . . . . . . . . . . . . . . . . . . . . . . 796 Regen/Repaired (Parts) 5895 | . 134 . 363 . . . 254 . 194 . 55 388 32 230 673 . 341 . 32 . 164 . . . . . . 190 38 419 . 813 566 322 687 Core Remaining (%) 79 | 100 . 53 . . . 87 . . . 51 . . . . . 66 . 96 . 96 . 92 . . . . 74 . . . . . 73 . 84 Volleys Fired 2717 | . 77 25 105 6 . 12 70 35 94 48 88 230 1 74 93 103 38 86 87 73 33 144 2 97 42 102 126 15 94 28 45 230 158 100 156 Largest 3 | . 2 2 2 2 . 2 2 2 2 2 2 2 1 2 2 2 1 2 1 1 1 2 1 1 1 2 1 1 1 1 1 2 1 1 3 Hottest 326 | . 100 46 48 48 . 113 105 73 73 120 120 120 5 73 50 105 85 120 120 120 120 203 7 120 120 240 120 120 120 120 300 240 120 300 326 Shots Fired 3603 | . 154 50 204 12 . 24 128 66 180 78 141 276 1 136 167 187 38 88 87 74 33 149 2 97 42 115 128 15 94 28 46 248 158 100 257 Gun 1590 | . 154 50 204 12 . 20 72 60 164 56 106 261 . 111 154 153 . 2 . . . . . . . . . . . . . . . 11 . Cannon 1401 | . . . . . . . 56 6 6 15 12 5 . 15 . 23 27 57 57 58 19 102 . 72 7 88 80 2 41 10 23 215 114 53 238 Launcher 35 | . . . . . . 4 . . 10 . 8 . . . 3 . 1 . . 1 . 6 . . . . 2 . . . . . . . . Special 577 | . . . . . . . . . . 7 15 10 1 10 10 11 10 29 30 15 14 41 2 25 35 27 46 13 53 18 23 33 44 36 19 Kinetic 1743 | . 100 50 204 12 . 8 105 66 170 60 110 261 . 126 154 153 . 6 . . . . . . . . . . . . 1 4 . 11 142 Thermal 1213 | . 54 . . . . 12 14 . . 11 8 5 . . . 23 27 53 57 58 19 86 . 72 7 88 80 2 41 10 22 201 114 53 96 Explosive 35 | . . . . . . 4 . . 10 . 8 . . . 3 . 1 . . 1 . 6 . . . . 2 . . . . . . . . Electromagnetic 35 | . . . . . . . 9 . . . . . . . . . . . . . . 16 . . . . . . . . . 10 . . . Robot Hit Streak 47 | . 11 6 13 4 . 4 9 13 10 9 9 16 4 14 10 34 7 17 19 12 17 25 7 20 10 18 24 4 10 16 6 47 26 12 34 Robot Miss Streak 6 | . 3 2 5 2 . 5 6 3 2 2 4 4 . 3 6 2 2 3 1 4 1 3 . 2 3 3 4 1 3 2 4 3 3 2 2 Penetration Max 1 | . . . . . . . 1 . . . . . . . . . . . . . . . . . . . . . . . . . . . . Secondary Targets 20 | . 3 1 5 . . 1 1 2 1 . 2 . . . 2 2 . . . . . . . . . . . . . . . . . . . Max Gunslinging Chain 1 | . 1 1 1 . . 1 1 1 1 . 1 . . . 1 1 . . . . . . . . . . . . . . . . . . . Capacitor 554 | . . . . . . . . . . . . . . . . . . . . . . . . . . 36 80 2 41 10 22 152 114 53 44 Shots Hit Robots 2396 | . 96 29 149 9 . 14 95 36 115 33 81 210 1 75 102 142 26 44 57 36 28 87 2 48 31 89 78 11 48 20 20 188 119 70 207 Core Hits 858 | . 37 13 66 3 . 14 58 15 73 12 64 45 . 23 54 58 11 6 19 16 8 32 . 12 1 21 36 . 7 1 1 36 32 19 65 Critical Kills 16 | . . . 2 . . . . . 1 . 1 . . . . . . . . . . . . 1 . 4 . . . . 1 3 2 1 . Critical Parts Destroyed 3 | . . . 1 . . . . . 1 1 . . . . . . . . . . . . . . . . . . . . . . . . . Critical Strikes 49 | . 3 . 3 . . . 5 . 2 1 1 1 . 1 . . . . . . . . . 1 . 4 . . . . 1 3 2 1 20 Burn 3 | . 3 . . . . . . . . . . . . . . . . . . . . . . . . . . . . . . . . . . Meltdown 12 | . . . . . . . . . . . . . . . . . . . . . . . . 1 . 4 . . . . 1 3 2 1 . Destroy 8 | . . . 3 . . . . . 2 1 1 1 . . . . . . . . . . . . . . . . . . . . . . . Blast 26 | . . . . . . . 5 . . . . . . 1 . . . . . . . . . . . . . . . . . . . . 20 Melee Attacks . | . . . . . . . . . . . . . . . . . . . . . . . . . . . . . . . . . . . . Impact . | . . . . . . . . . . . . . . . . . . . . . . . . . . . . . . . . . . . . Slashing . | . . . . . . . . . . . . . . . . . . . . . . . . . . . . . . . . . . . . Piercing . | . . . . . . . . . . . . . . . . . . . . . . . . . . . . . . . . . . . . Sneak Attacks . | . . . . . . . . . . . . . . . . . . . . . . . . . . . . . . . . . . . . Combat Hostiles . | . . . . . . . . . . . . . . . . . . . . . . . . . . . . . . . . . . . . Follow-up Attacks . | . . . . . . . . . . . . . . . . . . . . . . . . . . . . . . . . . . . . Damage Inflicted 73723 | . 1400 434 2673 180 . 287 2181 629 3111 756 2979 4041 . 1320 2741 2487 1308 643 1975 1495 696 2795 . 1332 236 3350 2560 1 588 273 321 7583 3714 2684 16950 Guns 19380 | . 1370 428 2637 158 . 246 984 629 2008 515 1238 3861 . 1225 1778 2069 . 16 . . . . . . . . . . . . . . . 218 . Cannons 46289 | . . . . . . . 1173 . 63 241 273 180 . 95 . 404 522 627 1916 1246 602 1872 . 1299 172 3190 1835 . 588 192 276 7427 3675 1474 16947 Explosions 6614 | . . . . . . 24 . . 1004 . 1415 . . . 825 . 782 . . 249 . 879 . . . . 562 . . . . 117 . 757 . Melee . | . . . . . . . . . . . . . . . . . . . . . . . . . . . . . . . . . . . . Ramming 1440 | . 30 6 36 22 . 17 24 . 36 . 53 . . . 138 14 4 . 59 . 94 44 . 33 64 160 163 1 . 81 45 39 39 235 3 Kinetic 33757 | . 974 428 2637 158 . 105 1751 629 2071 545 1238 3861 . 1320 1778 2069 . 16 . . . . . . . . . . . . . . . 218 13959 Thermal 32390 | . 396 . . . . 141 268 . . 211 273 180 . . 268 404 1118 627 1916 1287 602 1751 . 1299 172 3190 1835 . 588 192 276 7259 3675 1474 2988 Explosive 5437 | . . . . . . 24 . . 1004 . 1415 . . . 402 . 186 . . 208 . 879 . . . . 562 . . . . . . 757 . Electromagnetic 699 | . . . . . . . 138 . . . . . . . 155 . . . . . . 121 . . . . . . . . . 285 . . . Impact . | . . . . . . . . . . . . . . . . . . . . . . . . . . . . . . . . . . . . Slashing . | . . . . . . . . . . . . . . . . . . . . . . . . . . . . . . . . . . . . Piercing . | . . . . . . . . . . . . . . . . . . . . . . . . . . . . . . . . . . . . Highest Corruption 28 | . . . 6 6 6 6 . . . . 1 1 1 1 3 6 . . 1 3 1 5 . . . 28 28 . . 1 2 15 15 . 11 Average Corruption 7 | . . . 5 6 6 6 . . . . 1 1 1 1 1 4 . . 1 1 1 3 . . . 12 28 . . 1 1 10 15 . 3 Corruption Purged 11 | . . . . . . . . . . . . . . . 5 . . . . . . . . . . . . . . . 2 . . . 4 Corruption Blocked . | . . . . . . . . . . . . . . . . . . . . . . . . . . . . . . . . . . . . Effects 534 | . . . 56 29 15 21 . . . . 2 14 2 18 13 24 . . . 12 . 28 . . . 36 111 . . 1 5 59 79 . 9 Message Errors 130 | . . . 12 11 4 6 . . . . 1 4 . 3 4 7 . . . 3 . 7 . . . 8 23 . . . 1 16 18 . 2 Matter Fused 123 | . . . 12 5 3 5 . . . . 1 1 . 6 4 2 . . . 3 . 5 . . . 9 28 . . 1 2 14 20 . 2 Heat Flow Errors 64 | . . . 9 4 2 1 . . . . . 2 . 1 1 6 . . . 1 . 3 . . . 4 12 . . . . 8 8 . 2 Energy Discharges 63 | . . . 6 2 3 5 . . . . . 2 1 3 2 3 . . . . . 3 . . . 3 14 . . . . 10 6 . . Parts Rejected 3 | . . . . . . . . . . . . 1 . . . . . . . . . . . . . . 1 . . . . . 1 . . Parts Fused 4 | . . . . . . . . . . . . . . . . 1 . . . . . . . . . . 2 . . . . . 1 . . Data Loss (minor) 55 | . . . 7 3 1 2 . . . . . 3 . 4 . 3 . . . 2 . 5 . . . 4 6 . . . . 5 10 . . Data Loss (major) 29 | . . . 4 1 2 1 . . . . . . . 1 1 . . . . 2 . 1 . . . . 8 . . . 1 3 3 . 1 Misfires 20 | . . . 1 1 . 1 . . . . . . . . . . . . . 1 . 3 . . . 2 5 . . . 1 1 4 . . Alerts 15 | . . . 3 1 . . . . . . . . 1 . . . . . . . . . . . . 2 4 . . . . . 3 . 1 Misdirections 6 | . . . . . . . . . . . . . . . . . . . . . . . . . . . 5 . . . . . 1 . . Weapon Failures 22 | . . . 2 1 . . . . . . . 1 . . 1 2 . . . . . 1 . . . 4 3 . . . . 2 4 . 1 Overload Shots . | . . . . . . . . . . . . . . . . . . . . . . . . . . . . . . . . . . . . Overflow Damage 2291 | . . . . . . . 1 . 5 49 17 . . . 30 . 218 20 154 33 99 20 . . 29 207 17 . . 8 14 475 45 193 657 Projectiles 1791 | . . . . . . . 1 . . 49 . . . . . . 12 20 154 33 70 2 . . 29 154 17 . . . 14 475 36 68 657 Explosions 294 | . . . . . . . . . 5 . 17 . . . 17 . 206 . . . . 18 . . . . . . . . . . . 31 . Melee 206 | . . . . . . . . . . . . . . . 13 . . . . . 29 . . . . 53 . . . 8 . . 9 94 . Knockbacks 80 | . . . . . . . 6 . . . 1 . . 2 1 . . . . . 1 . . . . 1 . . . 2 . . . 2 64 Impact 8 | . . . . . . . . . . . 1 . . . 1 . . . . . 1 . . . . 1 . . . 2 . . . 2 . Kinetic 70 | . . . . . . . 6 . . . . . . 1 . . . . . . . . . . . . . . . . . . . . 63 Secondary 2 | . . . . . . . . . . . . . . 1 . . . . . . . . . . . . . . . . . . . . 1 Self-Inflicted Damage 505 | . . . . . . 41 . . 35 . . . . . 97 . 67 . . 10 . 134 . . . . . . . . . 121 . . . Shots 12 | . . . . . . 1 . . 2 . . . . . 2 . 1 . . 1 . 3 . . . . . . . . . 2 . . . Rammed 102 | . 11 2 7 2 . 1 6 . 4 . 2 . . . 7 1 1 . 4 . 2 3 . 1 4 5 23 1 . 2 3 3 2 4 1 Targets Rammed 115 | . 12 2 8 3 . 1 6 . 4 . 3 . . . 9 1 1 . 5 . 3 3 . 1 4 7 23 1 . 3 4 3 2 5 1 Kicked . | . . . . . . . . . . . . . . . . . . . . . . . . . . . . . . . . . . . . Crushed 13 | . 1 . 1 1 . . . . . . 1 . . . 2 . . . 1 . 1 . . . . 2 . . . 1 1 . . 1 . Highest Temperature 471 | . 330 75 271 243 264 184 243 81 205 336 312 185 . 305 205 316 84 220 376 313 374 372 . 370 330 376 471 44 248 270 257 201 201 198 198 Average Temperature 92 | . 52 26 63 110 110 78 48 25 55 73 74 63 . 80 28 76 32 25 138 63 142 94 . 117 118 92 118 44 90 103 79 115 120 110 145 Received Heat Transfer 4261 | . 321 174 345 . . . 222 121 271 115 324 . . 303 248 81 18 93 28 80 18 30 . 214 102 22 500 . 24 13 27 108 198 18 243 Effects 31 | . 1 . 3 . . . . . . . . . . . . . . . 3 . 4 1 . 1 . 4 1 . 2 . . 7 4 . . Shutdowns 2 | . 1 . . . . . . . . . . . . . . . . . 1 . . . . . . . . . . . . . . . . Energy Bleed 13 | . . . 2 . . . . . . . . . . . . . . . 1 . 1 . . . . 2 1 . . . . 4 2 . . Interference 11 | . . . 1 . . . . . . . . . . . . . . . 1 . 2 . . . . . . . 2 . . 3 2 . . Matter Decay 4 | . . . . . . . . . . . . . . . . . . . . . 1 1 . 1 . 1 . . . . . . . . . Short Circuit 1 | . . . . . . . . . . . . . . . . . . . . . . . . . . 1 . . . . . . . . . Siege Activations 45 | . . . . . . . . . . . . . . . 7 . . . . . . 1 . . . 7 3 . . 1 . 12 5 1 8 Total Turns 1000 | . . . . . . . . . . . . . . . 105 . . . . . . 5 . . . 110 34 . . 1 . 257 48 8 432 Longest Duration 130 | . . . . . . . . . . . . . . . 26 . . . . . . 5 . . . 35 19 . . 1 . 51 17 8 130 Robots Corrupted 8 | . . . . . . . . . . . . . . . . . . . . . 1 . . . . 2 . . . . . 2 1 2 . Combat Hostiles 2 | . . . . . . . . . . . . . . . . . . . . . . . . . . . . . . . . 1 1 . . Parts Fried 16 | . . . . . . . . . . . . . . . 1 . . . 1 . 3 . . . . 4 . . . 3 . 3 . 1 . Impact Corruptions 13 | . . . . . . . . . . . . . . . 1 . . . 1 . 1 . . . . 4 . . . 1 . . 1 4 . Robots Melted 23 | . . . . . . . . . . . . . . . . . 1 1 1 . 2 2 . 1 . 4 1 . . . 1 4 4 1 . Combat Hostiles 21 | . . . . . . . . . . . . . . . . . 1 1 . . 2 2 . . . 4 1 . . . 1 4 4 1 . Parts Melted 96 | . 3 . . . . 2 1 . . 2 4 . . . . 5 3 1 14 2 9 6 . 5 . 9 4 . . . 2 8 13 2 1 Heat Transferred 32047 | . 1406 . . . . 325 600 . . 400 640 400 . . 200 650 1029 1250 4030 850 1280 1848 . 1109 129 2627 1439 . 444 148 259 5497 2956 1221 1310 Parts Sabotaged 4 | . . . . . . . . . . . . . . . . . . . . . . 3 . . . . . . . . . . 1 . . Parts Stolen . | . . . . . . . . . . . . . . . . . . . . . . . . . . . . . . . . . . . . Parts Stripped . | . . . . . . . . . . . . . . . . . . . . . . . . . . . . . . . . . . . . Power Chain Reactions 4 | . . . . . . . . . . . . . . . 1 . . . . 1 . . . . . . . . . . . 2 . . . Alert | -11 -10 -10 -9 -9 -9 -8 -8 -8 -8 -8 -7 -7 -7 -7 -7 -7 -6 -6 -5 -5 -4 -4 -3 -3 -3 -3 -3 -2 -2 -2 -2 -2 -2 -1 -1 ------- Run | Yrd Mat Min Mat Min Exi Min Mat Gar Mat Gar Fac Was Fac Gar Fac Gar Fac Gar Fac Gar Fac Gar Res Gar Res Tes Gar Res Gar Res Qua Sec Gar Acc Com Peak Influence 2701 | . 218 130 492 184 . 126 303 675 763 1047 958 296 180 1124 596 1009 654 824 809 1211 1912 2637 1517 2701 1813 1102 1405 1177 2046 1162 170 388 967 580 164 Initial 1518 | . . 35 7 129 . . 48 . 328 225 549 296 . . 590 79 529 457 432 422 635 1338 1482 1137 1518 1100 452 789 882 1150 1 27 252 580 54 Average 554 | . 94 41 267 71 . 29 121 439 366 674 617 99 117 779 168 684 538 661 467 789 1216 2083 1489 2231 1626 602 967 905 1732 302 55 200 623 145 44 Maximum Alert Level 5 | . 1 . 2 . . . 1 2 3 3 3 1 . 4 2 3 2 3 3 4 5 5 4 5 5 4 4 4 5 4 . 1 3 2 . Low Security (%) 36 | 100 97 100 23 100 . 100 80 18 . . . 71 100 10 73 6 . . 7 . . . . . . . . . . 51 100 46 . 77 100 Level 1 16 | . 2 . 62 . . . 19 10 77 15 . 28 . 1 22 14 . . 28 . . . . . . . . . . 19 . 53 21 2 . Level 2 20 | . . . 13 . . . . 71 21 28 74 . . 17 3 27 100 51 54 38 28 . . . . 82 20 . . 11 . . 41 19 . Level 3 14 | . . . . . . . . . 1 56 24 . . 67 . 51 . 48 9 51 18 . . . . 10 41 83 12 11 . . 37 . . Level 4 4 | . . . . . . . . . . . . . . 2 . . . . . 10 12 15 100 8 38 7 38 16 7 6 . . . . . Level 5 8 | . . . . . . . . . . . . . . . . . . . . . 39 84 . 91 37 . . . 79 . . . . . . High Security . | . . . . . . . . . . . . . . . . . . . . . . . . . 23 . . . . . . . . . . Max Security . | . . . . . . . . . . . . . . . . . . . . . . . . . . . . . . . . . . . . Squads Dispatched 118 | . 6 . 3 . . . 5 . 7 . 11 . . . 9 . 2 . 9 . 4 . 1 . 11 9 . 2 . 5 8 15 . 7 4 Investigation 16 | . 4 . 1 . . . 1 . 2 . . . . . 2 . . . 1 . . . 1 . . 1 . . . 1 1 1 . . . Extermination 22 | . . . . . . . . . . . 1 . . . 3 . 1 . 2 . 1 . . . . 3 . . . 1 3 4 . 2 1 Reinforcement 40 | . 2 . 2 . . . 1 . 1 . 4 . . . 2 . 1 . 4 . 2 . . . . 3 . . . 3 1 7 . 5 2 Assault 19 | . . . . . . . . . 1 . 3 . . . 1 . . . 2 . 1 . . . 6 2 . 1 . . 1 . . . 1 Garrison 21 | . . . . . . . 3 . 3 . 3 . . . 1 . . . . . . . . . 5 . . 1 . . 2 3 . . . Intercept . | . . . . . . . . . . . . . . . . . . . . . . . . . . . . . . . . . . . . Searches Triggered . | . . . . . . . . . . . . . . . . . . . . . . . . . . . . . . . . . . . . Construction Impeded 6 | . . . . . . . 1 . . . 2 . . . 1 . . . 1 . 1 . . . . . . . . . . . . . . Haulers Reinforced 4 | . . . . . . . . . . . 1 . . . . . . . . . . . . . . . . . . . . 2 . 1 . Active Scanning Responses . | . . . . . . . . . . . . . . . . . . . . . . . . . . . . . . . . . . . . Cargo Convoy Interrupts 1 | . . . . . . . . . . . . . . . . . . . 1 . . . . . . . . . . . . . . . . Alert ID Control Effect 194 | . . . . . . . . . . . . . . . . . . . . . . . . . 20 11 9 2 18 20 24 48 8 31 3 Stealth | -11 -10 -10 -9 -9 -9 -8 -8 -8 -8 -8 -7 -7 -7 -7 -7 -7 -6 -6 -5 -5 -4 -4 -3 -3 -3 -3 -3 -2 -2 -2 -2 -2 -2 -1 -1 --------- Run | Yrd Mat Min Mat Min Exi Min Mat Gar Mat Gar Fac Was Fac Gar Fac Gar Fac Gar Fac Gar Fac Gar Res Gar Res Tes Gar Res Gar Res Qua Sec Gar Acc Com Distress Signals 34 | . 1 . 5 . . . 1 . 6 . 3 . . . 1 . . . . 1 1 . . . . 2 . . . . 1 4 . 1 7 Communications Jammed 2781 | . . . . . . . . . . . . . . . . . 115 . 531 649 63 . . 49 44 51 76 . . 315 419 427 . 19 23 Distress Signals 2780 | . . . . . . . . . . . . . . . . . 114 . 531 649 63 . . 49 44 51 76 . . 315 419 427 . 19 23 Times Spotted 1132 | . 30 10 42 2 . 9 35 13 53 22 46 5 4 38 34 32 21 39 49 47 20 45 1 36 39 49 57 11 46 24 36 69 48 59 61 Peak Tracking Total 12 | . 4 3 5 2 . 3 4 4 7 4 6 1 4 10 4 5 5 7 12 6 7 5 1 7 6 12 10 5 5 3 5 8 7 5 7 Tactical Retreats 42 | . 2 2 2 . . 1 2 1 9 1 3 1 . . . 1 . 1 1 2 1 1 . . . 4 1 . . . . 5 1 . . Traps | -11 -10 -10 -9 -9 -9 -8 -8 -8 -8 -8 -7 -7 -7 -7 -7 -7 -6 -6 -5 -5 -4 -4 -3 -3 -3 -3 -3 -2 -2 -2 -2 -2 -2 -1 -1 ------- Run | Yrd Mat Min Mat Min Exi Min Mat Gar Mat Gar Fac Was Fac Gar Fac Gar Fac Gar Fac Gar Fac Gar Res Gar Res Tes Gar Res Gar Res Qua Sec Gar Acc Com Traps Triggered 64 | . 4 . 4 . . . 1 4 2 5 2 . . 5 5 1 1 5 . 6 . 3 . 2 1 2 8 . 1 . . . 2 . . Indirectly . | . . . . . . . . . . . . . . . . . . . . . . . . . . . . . . . . . . . . Trap Hack Attempts 6 | . . . . . . . 6 . . . . . . . . . . . . . . . . . . . . . . . . . . . . Triggered . | . . . . . . . . . . . . . . . . . . . . . . . . . . . . . . . . . . . . Disarmed 2 | . . . . . . . 2 . . . . . . . . . . . . . . . . . . . . . . . . . . . . Reprogrammed . | . . . . . . . . . . . . . . . . . . . . . . . . . . . . . . . . . . . . Reused 1 | . . . . . . . . . . . . . . . . . . . . . . . . . . 1 . . . . . . . . . Traps Extracted . | . . . . . . . . . . . . . . . . . . . . . . . . . . . . . . . . . . . . Installed 4 | . . . . . . . . . . . . . . . . . . . . . . . . . . 4 . . . . . . . . . Triggered 3 | . . . . . . . . . . . . . . . . . . . . . . . . . . 1 1 . . . . . 1 . . Most Traps Carried 5 | . . . . . . . . 5 4 4 4 4 4 4 4 4 4 4 4 4 4 4 4 4 4 4 . . . . . . . . . Machines | -11 -10 -10 -9 -9 -9 -8 -8 -8 -8 -8 -7 -7 -7 -7 -7 -7 -6 -6 -5 -5 -4 -4 -3 -3 -3 -3 -3 -2 -2 -2 -2 -2 -2 -1 -1 ---------- Run | Yrd Mat Min Mat Min Exi Min Mat Gar Mat Gar Fac Was Fac Gar Fac Gar Fac Gar Fac Gar Fac Gar Res Gar Res Tes Gar Res Gar Res Qua Sec Gar Acc Com Machines Disabled 123 | . . . 4 . . . 2 4 2 4 . . . 5 4 4 8 8 1 8 17 5 . 4 2 3 5 . 7 1 7 10 5 2 1 Max in Single Turn 3 | . . . 1 . . . 1 1 1 1 . . . 1 2 1 3 1 . 1 . 1 . 1 1 1 1 . 1 . 2 1 1 1 . Garrison Access 8 | . . . . . . . . . . . . . . . 1 . . . 1 . . . . . . . . . . . 1 . . 5 . Garrison Relay 44 | . . . . . . . . 1 . 4 . . . 4 . 4 . 5 . 3 . 5 . 4 . . 4 . 5 . . . 5 . . Machines Repaired . | . . . . . . . . . . . . . . . . . . . . . . . . . . . . . . . . . . . . Machines Dismantled . | . . . . . . . . . . . . . . . . . . . . . . . . . . . . . . . . . . . . Machines Sabotaged . | . . . . . . . . . . . . . . . . . . . . . . . . . . . . . . . . . . . . Overloaded Fab Kills . | . . . . . . . . . . . . . . . . . . . . . . . . . . . . . . . . . . . . Hacking | -11 -10 -10 -9 -9 -9 -8 -8 -8 -8 -8 -7 -7 -7 -7 -7 -7 -6 -6 -5 -5 -4 -4 -3 -3 -3 -3 -3 -2 -2 -2 -2 -2 -2 -1 -1 --------- Run | Yrd Mat Min Mat Min Exi Min Mat Gar Mat Gar Fac Was Fac Gar Fac Gar Fac Gar Fac Gar Fac Gar Res Gar Res Tes Gar Res Gar Res Qua Sec Gar Acc Com Machines Accessed 144 | . 9 . 11 1 2 1 9 2 9 2 2 . 1 3 8 3 3 1 9 2 2 2 1 3 1 8 2 2 2 4 11 9 3 12 4 Terminals 98 | . 6 . 8 . . 1 7 2 6 2 2 . . 3 5 3 1 1 3 2 1 2 . 3 1 5 2 1 2 3 9 6 3 4 4 Fabricators 6 | . . . . . . . . . . . . . . . . . 1 . 3 . . . . . . . . . . . . . . 2 . Repair Stations 12 | . 1 . 1 . . . 1 . 2 . . . . . 2 . . . 1 . . . . . . 1 . . . 1 1 . . 1 . Recycling Units 3 | . 2 . 1 . . . . . . . . . . . . . . . . . . . . . . . . . . . . . . . . Scanalyzers 5 | . . . 1 . . . . . . . . . . . . . . . . . . . . . . 1 . . . . 1 2 . . . Garrison Access 17 | . . . . . . . 1 . 1 . . . 1 . 1 . 1 . 2 . 1 . 1 . . 1 . 1 . . . 1 . 5 . Total Hacks 391 | . 23 . 46 1 2 4 33 4 26 2 4 . 2 6 18 3 3 3 32 6 7 4 4 7 1 15 4 4 4 22 28 20 6 40 7 Successful 221 | . 11 . 29 1 2 . 19 1 15 1 . . 2 4 13 2 2 2 22 2 2 1 3 1 . 6 2 2 . 14 16 8 1 33 4 Failed 169 | . 12 . 17 . . 4 13 3 11 1 4 . . 2 5 1 1 1 10 4 5 3 1 6 1 9 2 2 4 8 12 12 5 7 3 Catastrophic 43 | . 1 . 2 . . 3 . 2 2 . 1 . . . 2 1 1 . 5 1 1 1 . . 1 2 . 1 2 2 1 4 1 3 3 Database Lockouts 1 | . . . . . . . 1 . . . . . . . . . . . . . . . . . . . . . . . . . . . . Manual 163 | . 16 . 26 . 1 4 19 1 16 . 2 . . 2 8 . . 2 8 2 5 1 2 . 1 11 2 . . 4 10 11 . 6 3 Terminals 246 | . 14 . 30 . . 4 27 4 20 2 4 . . 6 12 3 1 3 8 6 5 4 . 7 1 8 4 2 4 13 22 12 6 7 7 Fabricators 42 | . . . . . . . . . . . . . . . . . 1 . 19 . . . . . . . . . . . . . . 22 . Repair Stations 40 | . 6 . 7 . . . 5 . 4 . . . . . 4 . . . 2 . . . . . . 1 . . . 9 1 . . 1 . Recycling Units 4 | . 3 . 1 . . . . . . . . . . . . . . . . . . . . . . . . . . . . . . . . Scanalyzers 20 | . . . 8 . . . . . . . . . . . . . . . . . . . . . . 3 . . . . 5 4 . . . Garrison Access 36 | . . . . . . . 1 . 2 . . . 2 . 2 . 1 . 3 . 2 . 4 . . 3 . 2 . . . 4 . 10 . Terminal Hacks 71 | . 3 . 9 1 2 . 9 1 6 1 . . . 3 5 2 . 1 2 2 . 1 . 1 . 2 2 . . 5 6 2 1 2 2 Record 1 | . . . . . 1 . . . . . . . . . . . . . . . . . . . . . . . . . . . . . . Part Schematic 2 | . 2 . . . . . . . . . . . . . . . . . . . . . . . . . . . . . . . . . . Robot Schematic 2 | . 1 . . . . . . . . . . . . . . . . . 1 . . . . . . . . . . . . . . . . Robot Analysis 5 | . . . 2 . . . 2 . . . . . . . . . . . . . . . . . . . . . . . . . . . 1 Prototype ID Bank 3 | . . . 2 . . . . . . . . . . . . . . . . . . . . . . . . . . . 1 . . . . Open Door 4 | . . . . 1 . . . . . . . . . . . . . . . . . . . . . . . . . . . 1 1 1 . Level Access Points 1 | . . . . . . . . . . . . . . . . . . . . . . . . . . . . . . . . . . 1 . Branch Access Points 2 | . . . 1 . . . . . . . . . . . . . . . . . . . . . . . . . . 1 . . . . . Emergency Access Points 6 | . . . . . . . . . . . . . . 1 . 1 . 1 . . . 1 . 1 . . 1 . . . . . . . . Terminal Index 2 | . . . . . . . . . . . . . . . . . . . . . . . . . . . . . . . 1 1 . . . Repair Station Index 1 | . . . . . . . . . 1 . . . . . . . . . . . . . . . . . . . . . . . . . . Alert Level 2 | . . . 1 . . . 1 . . . . . . . . . . . . . . . . . . . . . . . . . . . . Unreport Threat 15 | . . . 2 . . . 2 . 3 . . . . . 2 . . . 1 . . . . . . 2 . . . 3 . . . . . Locate Traps 4 | . . . . . . . 1 . . . . . . . 2 . . . . . . . . . . . . . . . . . . . 1 Transport Status 1 | . . . . . . . 1 . . . . . . . . . . . . . . . . . . . . . . . . . . . . Recall Extermination 1 | . . . . . . . . . . . . . . . . . . . . . . . . . . . . . . . 1 . . . . Recall Reinforcements 2 | . . . . . . . . . . . . . . . . . . . . . . . . . . . . . . . 2 . . . . Hauler Manifests 6 | . . . 1 . . . 1 . 1 . . . . . 1 . . . . . . . . . . . . . . 1 1 . . . . Zone Layout 2 | . . . . . . . 1 . 1 . . . . . . . . . . . . . . . . . . . . . . . . . . Garrison Registry 4 | . . . . . . . . 1 . 1 . . . . . 1 . . . 1 . . . . . . . . . . . . . . . Patrol Navigation 3 | . . . . . . . . . . . . . . 1 . . . . . 1 . . . . . . 1 . . . . . . . . Security Stations 1 | . . . . . . . . . . . . . . 1 . . . . . . . . . . . . . . . . . . . . . Derelict Proto ID Bank 1 | . . . . . 1 . . . . . . . . . . . . . . . . . . . . . . . . . . . . . . Fabricator Hacks 37 | . . . . . . . . . . . . . . . . . 1 . 16 . . . . . . . . . . . . . . 20 . Network Status 1 | . . . . . . . . . . . . . . . . . 1 . . . . . . . . . . . . . . . . . . Load Schematic 18 | . . . . . . . . . . . . . . . . . . . 8 . . . . . . . . . . . . . . 10 . Build 18 | . . . . . . . . . . . . . . . . . . . 8 . . . . . . . . . . . . . . 10 . Repair Station Hacks 27 | . 4 . 6 . . . 4 . 4 . . . . . 2 . . . . . . . . . . . . . . 7 . . . . . Scan Component 14 | . 2 . 3 . . . 2 . 2 . . . . . 1 . . . . . . . . . . . . . . 4 . . . . . Repair 13 | . 2 . 3 . . . 2 . 2 . . . . . 1 . . . . . . . . . . . . . . 3 . . . . . Recycling Unit Hacks . | . . . . . . . . . . . . . . . . . . . . . . . . . . . . . . . . . . . . Scanalyzer 16 | . . . 7 . . . . . . . . . . . . . . . . . . . . . . . . . . . 5 4 . . . Insert Component 10 | . . . 3 . . . . . . . . . . . . . . . . . . . . . . . . . . . 3 4 . . . Analyze 6 | . . . 4 . . . . . . . . . . . . . . . . . . . . . . . . . . . 2 . . . . Garrison Access Hacks 31 | . . . . . . . 1 . 2 . . . 2 . 2 . 1 . 3 . 2 . 2 . . 2 . 2 . . . 2 . 10 . Unlock Access 11 | . . . . . . . 1 . 1 . . . 1 . 1 . 1 . 1 . 1 . 1 . . 1 . 1 . . . 1 . . . Seal Access 6 | . . . . . . . . . . . . . . . . . . . 1 . . . . . . . . . . . . . . 5 . Coupler Status 14 | . . . . . . . . . 1 . . . 1 . 1 . . . 1 . 1 . 1 . . 1 . 1 . . . 1 . 5 . Unauthorized Hacks 39 | . 4 . 7 . . . 5 . 3 . . . . 1 4 . . 1 1 . . . 1 . . 2 . . . 2 5 . . 1 2 Terminals 28 | . 2 . 6 . . . 5 . 3 . . . . 1 3 . . 1 . . . . . . . . . . . 1 4 . . . 2 Track 2 | . . . . . . . . . . . . . . . . . . . . . . . . . . . . . . . 1 . . . 1 Assimilate 4 | . . . . . . . 2 . 2 . . . . . . . . . . . . . . . . . . . . . . . . . . Botnet 11 | . . . 1 . . . 2 . 1 . . . . 1 2 . . 1 . . . . . . . . . . . . 2 . . . 1 Operators 3 | . . . . . . . . . . . . . . . 1 . . . . . . . . . . . . . . 1 1 . . . . Skim 8 | . 2 . 5 . . . 1 . . . . . . . . . . . . . . . . . . . . . . . . . . . . Fabricators . | . . . . . . . . . . . . . . . . . . . . . . . . . . . . . . . . . . . . Repair Stations 6 | . . . . . . . . . . . . . . . 1 . . . 1 . . . . . . 1 . . . 1 1 . . 1 . Mechanics 6 | . . . . . . . . . . . . . . . 1 . . . 1 . . . . . . 1 . . . 1 1 . . 1 . Recycling Units 3 | . 2 . 1 . . . . . . . . . . . . . . . . . . . . . . . . . . . . . . . . Reject 1 | . . . 1 . . . . . . . . . . . . . . . . . . . . . . . . . . . . . . . . Tunnel 2 | . 2 . . . . . . . . . . . . . . . . . . . . . . . . . . . . . . . . . . Scanalyzers 1 | . . . . . . . . . . . . . . . . . . . . . . . . . . 1 . . . . . . . . . Researchers 1 | . . . . . . . . . . . . . . . . . . . . . . . . . . 1 . . . . . . . . . Garrison Access 1 | . . . . . . . . . . . . . . . . . . . . . . . 1 . . . . . . . . . . . . Eject 1 | . . . . . . . . . . . . . . . . . . . . . . . 1 . . . . . . . . . . . . Data Cores Recovered 3 | . . . . . . . . . . . . . . . . . . . . . 2 . . . . . . . . . 1 . . . . Used . | . . . . . . . . . . . . . . . . . . . . . . . . . . . . . . . . . . . . Hacking Detections 125 | . 5 . 9 . . 1 7 2 9 2 2 . 1 3 8 2 2 1 8 2 2 2 1 3 1 8 1 2 2 3 11 8 3 10 4 Full Trace Events 10 | . . . . . . . 1 . . . . . . . . . . . 1 1 . . . 1 . 1 . . 2 . 1 1 1 . . Feedback Events 1 | . . . . . . . . . . . . . . . . . . . . . . . . . . . . . . . 1 . . . . Corruption 1 | . . . . . . . . . . . . . . . . . . . . . . . . . . . . . . . 1 . . . . Feedback Blocked . | . . . . . . . . . . . . . . . . . . . . . . . . . . . . . . . . . . . . Robot Schematics Acquired 5 | . 1 . . . . . . . . . . . . . . . . . 1 . . . . . . 1 . . . . 1 1 . . . Robots Built 37 | . . . . . . . . . . . . . . . . . . . 16 . . . . . . . . . . . . . . 21 . Authchips 18 | . . . . . . . . . . . . . . . . . . . 8 . . . . . . . . . . . . . . 10 . Time 1935 | . . . . . . . . . . . . . . . . . . . 1267 . . . . . . . . . . . . . . 668 . Total Robot Build Rating 261 | . . . . . . . . . . . . . . . . . . . 96 . . . . . . . . . . . . . . 165 . Part Schematics Acquired 27 | . 2 . 3 . . . . . . . . . . . . . . . . . . . . . . 4 . . . . 2 16 . . . Parts Built . | . . . . . . . . . . . . . . . . . . . . . . . . . . . . . . . . . . . . Authchips . | . . . . . . . . . . . . . . . . . . . . . . . . . . . . . . . . . . . . Time . | . . . . . . . . . . . . . . . . . . . . . . . . . . . . . . . . . . . . Total Part Build Rating . | . . . . . . . . . . . . . . . . . . . . . . . . . . . . . . . . . . . . Parts Repaired 13 | . 2 . 3 . . . 2 . 2 . . . . . 1 . . . . . . . . . . . . . . 3 . . . . . Time 597 | . 64 . 127 . . . 70 . 116 . . . . . 28 . . . . . . . . . . . . . . 192 . . . . . Parts Recycled . | . . . . . . . . . . . . . . . . . . . . . . . . . . . . . . . . . . . . Recycled Matter . | . . . . . . . . . . . . . . . . . . . . . . . . . . . . . . . . . . . . Retrieved Matter . | . . . . . . . . . . . . . . . . . . . . . . . . . . . . . . . . . . . . Retrieved Components . | . . . . . . . . . . . . . . . . . . . . . . . . . . . . . . . . . . . . Parts Scanalyzed 4 | . . . 3 . . . . . . . . . . . . . . . . . . . . . . . . . . . 1 . . . . Part Schematics Acquired 3 | . . . 3 . . . . . . . . . . . . . . . . . . . . . . . . . . . . . . . . Parts Damaged . | . . . . . . . . . . . . . . . . . . . . . . . . . . . . . . . . . . . . Bothacking | -11 -10 -10 -9 -9 -9 -8 -8 -8 -8 -8 -7 -7 -7 -7 -7 -7 -6 -6 -5 -5 -4 -4 -3 -3 -3 -3 -3 -2 -2 -2 -2 -2 -2 -1 -1 ------------ Run | Yrd Mat Min Mat Min Exi Min Mat Gar Mat Gar Fac Was Fac Gar Fac Gar Fac Gar Fac Gar Fac Gar Res Gar Res Tes Gar Res Gar Res Qua Sec Gar Acc Com Used RIF Installer 15 | . . . . . . . . 2 . 2 . . . 1 . 2 . 1 . 1 . 1 . 1 . . 2 . 1 . . . 1 . . Hotswap 1 | . . . . . . . . . . 1 . . . . . . . . . . . . . . . . . . . . . . . . . Code Merge 1 | . . . . . . . . . . . . . . . . . . . . 1 . . . . . . . . . . . . . . . Command Fork 1 | . . . . . . . . . . . . . . . . . . 1 . . . . . . . . . . . . . . . . . Threat Obfuscator 1 | . . . . . . . . . . . . . . 1 . . . . . . . . . . . . . . . . . . . . . Signal Jammer 1 | . . . . . . . . . . . . . . . . 1 . . . . . . . . . . . . . . . . . . . Zone Cloak 1 | . . . . . . . . . . . . . . . . . . . . . . . . . . . 1 . . . . . . . . Robot Detection 1 | . . . . . . . . 1 . . . . . . . . . . . . . . . . . . . . . . . . . . . Watcher Feeds 1 | . . . . . . . . . . . . . . . . 1 . . . . . . . . . . . . . . . . . . . Patrol Navigation 1 | . . . . . . . . . . 1 . . . . . . . . . . . . . . . . . . . . . . . . . Alert ID Control 1 | . . . . . . . . . . . . . . . . . . . . . . . . 1 . . . . . . . . . . . Structural Interface 1 | . . . . . . . . . . . . . . . . . . . . . . . . . . . . . 1 . . . . . . Program Shield 1 | . . . . . . . . . . . . . . . . . . . . . . 1 . . . . . . . . . . . . . Autooverride 1 | . . . . . . . . . . . . . . . . . . . . . . . . . . . . . . . . . 1 . . Crosswire 1 | . . . . . . . . . . . . . . . . . . . . . . . . . . . 1 . . . . . . . . Robots Hacked 292 | . . . . . . . . . . 3 11 6 1 8 7 2 5 18 12 10 10 13 2 15 20 11 14 6 16 9 12 20 23 23 15 Non-combat 46 | . . . . . . . . . . . 4 . 1 . 2 . 3 1 5 1 6 . 1 . 4 2 . 2 . 2 1 1 . 7 3 Combat 246 | . . . . . . . . . . 3 7 6 . 8 5 2 2 17 7 9 4 13 1 15 16 9 14 4 16 7 11 19 23 16 12 Autooverrided 6 | . . . . . . . . . . . . . . . . . . . . . . . . . . . . . . . . . 1 3 2 Robot Hacks Applied 317 | . . . . . . . . . . 3 11 8 1 8 8 2 7 24 16 10 11 13 2 15 22 13 14 6 17 13 14 20 22 23 14 parse_system 4 | . . . . . . . . . . . . . . . . . . 1 . . . . . . . . . . . . 2 1 . . . start_evac 2 | . . . . . . . . . . . . . . . . . . . . . . . 1 . 1 . . . . . . . . . . find_chute 1 | . . . . . . . . . . . 1 . . . . . . . . . . . . . . . . . . . . . . . . find_fabricator 3 | . . . . . . . . . . . . . . . . . . . 1 . . . . . 1 . . . . . . . . 1 . drop_inventory 14 | . . . . . . . . . . . 1 . 1 . . . 2 . 1 . 2 . . . 2 . . 1 . . . 1 . 3 . ignore_parts 1 | . . . . . . . . . . . . . . . . . . . . . . . . . . . . . . . . . . 1 . purge_threat 15 | . . . . . . . . . . . . . . . . . . 3 2 . 2 . . . . 2 . . . 4 . . . 1 1 block_reporting 2 | . . . . . . . . . . . . . . . . . . . . . 1 . . . . 1 . . . . . . . . . disable_scanner 16 | . . . . . . . . . . . . . . . . . . . . . . . . . . 4 . . . . 2 10 . . . ignore_targets 7 | . . . . . . . . . . . . 7 . . . . . . . . . . . . . . . . . . . . . . . find_garrison 2 | . . . . . . . . . . . . . . . 1 . . . 1 . . . . . . . . . . . . . . . . mark_system 4 | . . . . . . . . . . . . . . . . . . . . . . . . . . . . . 1 . . . 1 1 1 spike_heat 1 | . . . . . . . . . . . . . . . . . . . . . 1 . . . . . . . . . . . . . . overload_power 1 | . . . . . . . . . . . . 1 . . . . . . . . . . . . . . . . . . . . . . . amplify_resonance 46 | . . . . . . . . . . . 3 . . 1 2 1 . 7 2 3 . 3 . 7 3 . 2 . 4 . 1 1 3 1 2 overwrite_iff 47 | . . . . . . . . . . . 3 . . 2 2 1 1 8 . 2 . 1 . 7 4 . . 1 2 . . 4 5 4 . streamctrl_high 2 | . . . . . . . . . . . . . . . . . . . . . . . . . 1 . . . . . . 1 . . . formatsys_low 21 | . . . . . . . . . . . 2 . . . 2 . 3 1 2 . 2 . . . 1 1 . 1 . 2 . . . 3 1 formatsys_high 127 | . . . . . . . . . . 3 1 . . 5 1 . 1 4 7 5 3 9 1 1 8 5 12 3 10 7 9 2 13 8 9 formatsys_deep 1 | . . . . . . . . . . . . . . . . . . . . . . . . . 1 . . . . . . . . . . Relay Couplers Released 198 | . . . . . . . . 4 . 18 . . . 14 4 16 . 22 3 14 . 19 4 16 . . 16 . 23 . 1 4 19 1 . Ejected 4 | . . . . . . . . . . . . . . . . . . . . . . . 4 . . . . . . . . . . . . Machine Destruction 181 | . . . . . . . . 4 . 18 . . . 14 1 16 . 22 . 14 . 19 . 16 . . 16 . 20 . 1 . 19 1 . Programmers 13 | . . . . . . . . . . . . . . . 3 . . . 3 . . . . . . . . . 3 . . 4 . . . Attached 56 | . . . . . . . . 1 . 1 3 . . 5 . 3 1 6 1 2 2 7 . 2 1 . 3 . 5 1 2 3 6 1 . Crosswired 25 | . . . . . . . . . . . . . . . . . . . . . . . . . . . 9 . 7 . . . 9 . . Merged Code Value 348 | . . . . . . . . . . . . . . . . . . . . . . 75 20 80 . . 34 . 77 . 7 . 48 7 . Fabnet Peak Effective % . | . . . . . . . . . . . . . . . . . . . . . . . . . . . . . . . . . . . . Robots Rewired 61 | . . . . . . . . . . . . . . . . 4 . . 1 2 . 10 . 2 . 3 21 . 10 . . . 8 . . Allies Hacked 13 | . . . . . . . . . . . . . . 1 . 2 . . 7 . . 1 . 1 . . . . . . . . . 1 . Hacks Repelled 1 | . . . . . . . . . . . . . . . . . . . 1 . . . . . . . . . . . . . . . . Allies | -11 -10 -10 -9 -9 -9 -8 -8 -8 -8 -8 -7 -7 -7 -7 -7 -7 -6 -6 -5 -5 -4 -4 -3 -3 -3 -3 -3 -2 -2 -2 -2 -2 -2 -1 -1 -------- Run | Yrd Mat Min Mat Min Exi Min Mat Gar Mat Gar Fac Was Fac Gar Fac Gar Fac Gar Fac Gar Fac Gar Res Gar Res Tes Gar Res Gar Res Qua Sec Gar Acc Com Total Allies 376 | . . 1 . 3 . . 1 . 1 3 6 20 . 7 5 7 5 15 32 13 6 22 1 12 20 10 38 6 27 12 9 8 30 42 14 Largest Group 43 | . . 1 1 3 3 3 1 . 1 3 2 19 16 16 2 5 3 8 21 14 7 12 13 15 11 8 28 31 37 43 26 21 10 21 13 Highest-Rated Group 2594 | . . 31 31 40 40 40 10 . 10 47 35 465 381 381 47 164 126 356 1060 634 426 748 812 899 756 477 1702 1877 2364 2594 1498 1483 559 1299 674 Highest-Rated Ally 343 | . . 31 31 16 16 16 10 . 10 16 23 35 31 32 29 80 80 95 116 148 148 99 99 116 116 79 95 95 148 178 343 343 64 178 69 Total Orders 111 | . . . . . . . 1 . 2 . 3 1 . . 4 . 1 9 13 8 6 . . 4 1 2 . 1 8 1 3 12 11 11 9 STAY 38 | . . . . . . . 1 . 1 . . . . . 1 . . 5 2 4 2 . . 2 . . . . 4 . 1 5 3 3 4 ROAM 3 | . . . . . . . . . . . . . . . . . . . . . . . . . . . . . 1 . . 2 . . . FOLLOW 30 | . . . . . . . . . 1 . . . . . 1 . . 2 2 4 2 . . 2 . . . . 2 . 1 4 5 3 1 AID 29 | . . . . . . . . . . . 3 1 . . 2 . 1 1 4 . 2 . . . 1 2 . 1 1 1 1 1 . 3 4 DROP 6 | . . . . . . . . . . . . . . . . . . . 3 . . . . . . . . . . . . . 1 2 . PICKUP 5 | . . . . . . . . . . . . . . . . . . 1 2 . . . . . . . . . . . . . 2 . . Ally Attacks 2745 | . . . . . . 8 . 10 . 49 23 22 12 141 9 67 19 70 175 138 84 78 . 136 137 130 144 46 257 147 130 248 94 319 52 Total Damage 94027 | . . . . . . 28 . 541 . 1340 407 397 134 2469 114 2071 329 2496 5317 4124 3118 3590 . 5586 6236 5019 3815 1483 8999 5562 5863 9880 2714 10666 1729 Kills 515 | . . . . . . . . 9 . 13 5 . 4 20 1 22 2 14 36 21 22 21 . 36 33 21 25 10 36 20 28 51 14 46 5 Allies Corrupted 16 | . . . . . . . . . . . . . . 1 . 1 . . 1 . . 1 . . 1 4 1 . 2 . 2 1 . 1 . Allies Melted 6 | . . . . . . . . . . . . . . . . . . 1 . 1 . . . . 1 . . . . 2 . . . . 1 Turrets Deployed 3 | . . . . . . . . 1 . 1 . . . . . 1 . . . . . . . . . . . . . . . . . . . Intel | -11 -10 -10 -9 -9 -9 -8 -8 -8 -8 -8 -7 -7 -7 -7 -7 -7 -6 -6 -5 -5 -4 -4 -3 -3 -3 -3 -3 -2 -2 -2 -2 -2 -2 -1 -1 ------- Run | Yrd Mat Min Mat Min Exi Min Mat Gar Mat Gar Fac Was Fac Gar Fac Gar Fac Gar Fac Gar Fac Gar Res Gar Res Tes Gar Res Gar Res Qua Sec Gar Acc Com Robot Analysis Total 5 | . . . 2 . . . 2 . . . . . . . . . . . . . . . . . . . . . . . . . . . 1 Derelict Logs Recovered 3 | . . 1 . 2 . . . . . . . . . . . . . . . . . . . . . . . . . . . . . . . Drone Launches . | . . . . . . . . . . . . . . . . . . . . . . . . . . . . . . . . . . . . Drone Recoveries . | . . . . . . . . . . . . . . . . . . . . . . . . . . . . . . . . . . . . Exploration | -11 -10 -10 -9 -9 -9 -8 -8 -8 -8 -8 -7 -7 -7 -7 -7 -7 -6 -6 -5 -5 -4 -4 -3 -3 -3 -3 -3 -2 -2 -2 -2 -2 -2 -1 -1 ------------- Run | Yrd Mat Min Mat Min Exi Min Mat Gar Mat Gar Fac Was Fac Gar Fac Gar Fac Gar Fac Gar Fac Gar Res Gar Res Tes Gar Res Gar Res Qua Sec Gar Acc Com Turns Passed 51322 | 96 2162 1107 2208 1004 496 705 2993 1364 2769 1227 1219 1400 417 1855 2776 1653 769 1575 2519 1344 632 1547 137 1571 519 1169 2063 365 1499 821 1511 2262 1908 2044 1616 Spaces Moved 24446 | 56 1042 645 951 608 324 438 1202 562 1006 459 397 490 88 991 1483 850 369 829 1293 680 359 812 91 896 294 578 775 188 876 360 871 1123 942 910 608 Core 2 | 2 . . . . . . . . . . . . . . . . . . . . . . . . . . . . . . . . . . . Treads 24444 | 54 1042 645 951 608 324 438 1202 562 1006 459 397 490 88 991 1483 850 369 829 1293 680 359 812 91 896 294 578 775 188 876 360 871 1123 942 910 608 Legs . | . . . . . . . . . . . . . . . . . . . . . . . . . . . . . . . . . . . . Wheels . | . . . . . . . . . . . . . . . . . . . . . . . . . . . . . . . . . . . . Hover . | . . . . . . . . . . . . . . . . . . . . . . . . . . . . . . . . . . . . Flight . | . . . . . . . . . . . . . . . . . . . . . . . . . . . . . . . . . . . . Fastest Speed 50 | 50 160 160 150 150 150 150 150 150 230 233 231 160 160 160 160 160 160 160 143 143 151 151 147 143 143 143 146 150 150 150 150 150 150 155 155 Average Speed 169 | 156 168 160 171 150 150 150 211 217 232 233 232 187 160 160 160 160 160 160 173 168 151 151 147 146 143 148 211 160 150 150 150 150 157 159 159 Slowest Speed 318 | 160 240 240 230 150 150 150 230 230 318 233 235 235 160 160 160 240 160 160 227 223 151 151 151 147 143 237 232 232 150 225 150 150 232 160 235 Overloaded Moves . | . . . . . . . . . . . . . . . . . . . . . . . . . . . . . . . . . . . . Propulsion Burnouts . | . . . . . . . . . . . . . . . . . . . . . . . . . . . . . . . . . . . . Robots Hopped 3 | . . . . . . . . . . 1 . . . . . . . . 2 . . . . . . . . . . . . . . . . Cave-ins Triggered . | . . . . . . . . . . . . . . . . . . . . . . . . . . . . . . . . . . . . Exploration Rate (%) 59 | 5 99 98 88 98 69 92 69 66 66 56 12 95 4 88 38 72 14 86 32 90 13 91 4 95 22 78 85 9 86 14 92 61 98 34 36 Regions Visited 35 Branch Regions 8 Pre-discovered Areas 6 | . 2 . 1 2 1 . . . . . . . . . . . . . . . . . . . . . . . . . . . . . . Known Exits Taken 15 | . . . 1 . . 1 1 . 1 . . . 1 . 1 . 1 . 1 . 1 . 1 . 1 1 . 1 . 1 . 1 . . . Unknown Exits Taken 7 | 1 1 1 . 1 1 . . . . . . . . . . . . . . . . . . . . . . . . . 1 . . 1 . Scrap Searched 3 | . . 1 . 1 . 1 . . . . . . . . . . . . . . . . . . . . . . . . . . . . . Spaces Dug 153 | . . . . . . . 3 . 1 3 4 . . . . . 4 . 5 . 2 4 . 16 . 1 3 2 15 1 3 16 1 53 16 Terrain Destroyed 529 | . . . . . . 31 20 . 67 3 44 . . . 31 . 26 . 5 13 3 50 . 20 2 13 18 2 17 6 27 31 17 58 25 Melee . | . . . . . . . . . . . . . . . . . . . . . . . . . . . . . . . . . . . . Projectile 271 | . . . . . . . 20 . 4 3 4 . . . . . 6 . 5 10 3 7 . 20 2 13 15 2 17 6 27 27 17 38 25 AOE 258 | . . . . . . 31 . . 63 . 40 . . . 31 . 20 . . 3 . 43 . . . . 3 . . . . 4 . 20 . Terrain Rammed . | . . . . . . . . . . . . . . . . . . . . . . . . . . . . . . . . . . . . Walls Destroyed . | . . . . . . . . . . . . . . . . . . . . . . . . . . . . . . . . . . . . Machines Disabled . | . . . . . . . . . . . . . . . . . . . . . . . . . . . . . . . . . . . . Actions | -11 -10 -10 -9 -9 -9 -8 -8 -8 -8 -8 -7 -7 -7 -7 -7 -7 -6 -6 -5 -5 -4 -4 -3 -3 -3 -3 -3 -2 -2 -2 -2 -2 -2 -1 -1 --------- Run | Yrd Mat Min Mat Min Exi Min Mat Gar Mat Gar Fac Was Fac Gar Fac Gar Fac Gar Fac Gar Fac Gar Res Gar Res Tes Gar Res Gar Res Qua Sec Gar Acc Com Total 32281 | 62 1311 678 1326 689 337 459 1523 663 1310 561 587 809 362 1164 1775 1028 513 1008 1504 825 437 1073 94 1130 396 853 1169 250 1064 635 1075 1640 1368 1483 1120 Wait 3734 | . 145 4 199 58 . 3 203 30 183 25 59 61 271 53 157 12 90 60 71 27 31 42 . 98 51 128 102 37 50 231 118 221 196 434 284 Move 24413 | 55 1041 644 950 607 323 437 1202 561 1006 456 397 489 88 990 1483 849 369 828 1289 679 359 811 90 894 293 578 774 187 875 359 870 1122 941 909 608 Hop 3 | . . . . . . . . . . 1 . . . . . . . . 2 . . . . . . . . . . . . . . . . Pick Up 266 | 1 16 1 16 5 4 . 8 5 2 7 6 4 . 10 9 20 3 8 10 13 3 13 1 7 1 6 16 2 10 1 7 15 17 7 12 Fast Attach 142 | 6 6 . 11 2 1 . 5 7 3 1 1 5 . 1 3 4 . 2 9 1 . 7 . 7 . 4 3 3 2 5 4 9 9 9 12 Attach 103 | . 3 1 3 . 2 . 2 . 1 2 3 . . 2 3 2 2 1 8 2 2 2 1 . 1 5 9 1 . . 7 8 7 9 14 Detach 73 | . 4 . 1 1 2 . . 3 3 1 . 2 . 1 . 2 . 3 4 3 . . . 2 1 4 2 1 . . 4 6 10 2 11 Swap 266 | . 1 1 10 2 . 5 9 6 11 9 28 6 2 26 11 14 7 14 10 8 3 19 . 8 1 11 7 . 5 4 5 9 8 5 1 Drop 241 | . 6 . 23 5 5 1 12 10 3 2 2 12 . 6 5 21 1 5 5 9 1 10 . 15 . 4 8 3 7 2 9 17 12 2 18 Fire 2717 | . 77 25 105 6 . 12 70 35 94 48 88 230 1 74 93 103 38 86 87 73 33 144 2 97 42 102 126 15 94 28 45 230 158 100 156 Melee . | . . . . . . . . . . . . . . . . . . . . . . . . . . . . . . . . . . . . Ram . | . . . . . . . . . . . . . . . . . . . . . . . . . . . . . . . . . . . . Kick . | . . . . . . . . . . . . . . . . . . . . . . . . . . . . . . . . . . . . Crush 115 | . 12 2 8 3 . 1 6 . 4 . 3 . . . 9 1 1 . 5 . 3 3 . 1 4 7 23 1 . 3 4 3 2 5 1 Escape Stasis 36 | . . . . . . . . 6 . 8 . . . 1 . . . . . 9 . 1 . . . . 10 . 1 . . . . . . Rewire 162 | . . . . . . . . . . 1 . . . . 2 . 2 1 4 1 2 21 . 1 2 . 89 . 20 2 2 . 8 1 3 Trap 10 | . . . . . . . 6 . . . . . . . . . . . . . . . . . . 4 . . . . . . . . . Miscellaneous . | . . . . . . . . . . . . . . . . . . . . . . . . . . . . . . . . . . . . Route ------- -11/Scrapyard -10/Materials (discovered 4 exits: *Mat x3 / [*Min]) -10/Mines (discovered 2 exits: *Mat x2) -9/Materials (discovered 5 exits: *Mat x3 / *Min x2) -9/Mines (discovered 3 exits: *Mat x2 / *Exi) -9/Exiles -8/Mines (discovered 2 exits: *Mat x2) -8/Materials (discovered 3 exits: *Fac x2 / Gar) -8/Garrison (discovered 3 exits: *Mat x3) -8/Materials (discovered 3 exits: *Fac x2 / Gar) -8/Garrison (discovered 3 exits: *Fac x3) -7/Factory (discovered 2 exits: *Sto x2) -7/Waste -7/Factory -7/Garrison (discovered 4 exits: *Fac x3 / *Fac) -7/Factory (discovered 4 exits: *Fac x3 / Gar) -7/Garrison (discovered 3 exits: *Fac x3) -6/Factory -6/Garrison (discovered 3 exits: *Fac x3) -5/Factory (discovered 2 exits: *Fac / Gar) -5/Garrison (discovered 3 exits: *Fac x3) -4/Factory -4/Garrison (discovered 3 exits: *Res x3) -3/Research -3/Garrison (discovered 3 exits: *Res x3) -3/Research -3/Testing (discovered 2 exits: *Res / Gar) -3/Garrison (discovered 3 exits: *Res x3) -2/Research (discovered 2 exits: *Acc / Gar) -2/Garrison (discovered 4 exits: *Acc x3 / *Res) -2/Research (discovered 3 exits: *Acc / *Qua x2) -2/Quarantine (discovered 2 exits: *Acc / *Sec) -2/Section 7 -2/Garrison (discovered 3 exits: *Acc x3) -1/Access (discovered 2 exits: Sur / *Com) -1/Command (discovered 2 exits: Sur x2) By MAIN.C's Side History --------- Turn | Location | Event 15 | -11/Scrapyard | Discovered new exit (range 14) 97 | -11/Scrapyard | Entered Materials 307 | -10/Materials | Build established: Mutant 763 | -10/Materials | Discovered new exit (range 9) 1233 | -10/Materials | Discovered new exit (range 3) 1403 | -10/Materials | Discovered new exit (range 6) 1570 | -10/Materials | Discovered new exit (range 14) 1959 | -10/Materials | Repaired Autogun 1993 | -10/Materials | Repaired Autogun 2259 | -10/Materials | Entered Mines 2429 | -10/Mines | Discovered new exit (range 10) 2810 | -10/Mines | Discovered new exit (range 12) 2909 | -10/Mines | Learned Materials emergency access door positions 3103 | -10/Mines | Received a Mining Laser from a helpful Derelict 3366 | -10/Mines | Entered Materials 3366 | -9/Materials | Accompanied by 1 ally 3366 | -9/Materials | Evolved 2 slots: Propulsion x1, Utility x1 3507 | -9/Materials | Identified exit to Mines 4353 | -9/Materials | Discovered new exit (range 16) 4674 | -9/Materials | Discovered new exit (range 15) 5211 | -9/Materials | Learned 2 Storage zone layouts 5234 | -9/Materials | Identified exit to Materials 5248 | -9/Materials | Loaded intel: 11 terminal locations 5276 | -9/Materials | Learned Materials emergency access door positions 5412 | -9/Materials | Repaired Adv. Treads 5452 | -9/Materials | Repaired Adv. Treads 5504 | -9/Materials | Repaired Imp. Assault Rifle 5574 | -9/Materials | Entered Mines 5656 | -9/Mines | Assembled infested the area 5778 | -9/Mines | Met 8R-AWN 5812 | -9/Mines | Met a Derelict who couldn't figure out how to use a Trap Extractor 5933 | -9/Mines | Discovered new exit (range 5) 6083 | -9/Mines | Learned location of Storage (-7) 6178 | -9/Mines | Assisted by bots powering up and referring to "LRC-V3" 6280 | -9/Mines | Learned Materials trap positions 6365 | -9/Mines | Received a Rocket Launcher from a helpful Derelict 6578 | -9/Mines | Entered Exiles 6578 | -9/Exiles | Accompanied by 3 allies 6616 | -9/Exiles | Welcomed by 8R-AWN 6641 | -9/Exiles | Met EX-HEX 6715 | -9/Exiles | Met EX-DEC 6742 | -9/Exiles | Learned location of Zion (-6) 6838 | -9/Exiles | Met EX-BIN 6859 | -9/Exiles | Aligned with FarCom system 6860 | -9/Exiles | Given EX-Vault access code 6895 | -9/Exiles | Opened EX-Vault 6916 | -9/Exiles | Found Gui. Plasma Cannon 6923 | -9/Exiles | Found Superbattery 6926 | -9/Exiles | Found Deploy-a-Sentry 6929 | -9/Exiles | Found Deploy-a-Sentry 6932 | -9/Exiles | Found Deploy-a-Sentry 6961 | -9/Exiles | Warned to stay clear of 0b10 Research branches 7056 | -9/Exiles | Discovered new exit (range 14) 7074 | -9/Exiles | Stole three prototypes: Gui. Plasma Cannon, Superbattery, Deploy-a-Sentry 7074 | -9/Exiles | Entered Mines 7074 | -8/Mines | Accompanied by 3 allies 7334 | -8/Mines | Discovered exit to Materials (range 8) 7346 | -8/Mines | Lost 3 allies 7715 | -8/Mines | Discovered exit to Materials (range 14) 7779 | -8/Mines | Entered Materials 7779 | -8/Materials | Evolved 2 slots: Utility x2 7780 | -8/Materials | Loaded intel: 12 trap records 8006 | -8/Materials | Garrison activated, responded to threat 8319 | -8/Materials | Discovered new exit (range 14) 8384 | -8/Materials | Repaired Hrd. Medium Armor Plating 8418 | -8/Materials | Repaired Shield Generator 9474 | -8/Materials | Discovered new exit (range 8) 10373 | -8/Materials | Central database locked down 10772 | -8/Materials | Identified exit to Garrison 10772 | -8/Materials | Entered Garrison 10984 | -8/Garrison | Triggered checkpoint 11028 | -8/Garrison | Garrison Relay disabled 11139 | -8/Garrison | DAS Turret deployed 11148 | -8/Garrison | Triggered checkpoint 11152 | -8/Garrison | Triggered checkpoint 11167 | -8/Garrison | Triggered checkpoint 11218 | -8/Garrison | Triggered checkpoint 11258 | -8/Garrison | Discovered new exit (range 9) 11334 | -8/Garrison | Triggered checkpoint 11429 | -8/Garrison | Installed Relay Interface Framework 11593 | -8/Garrison | Expanded RIF knowledge: Robot Detection 11629 | -8/Garrison | Discovered new exit (range 14) 11629 | -8/Garrison | Discovered new exit (range 55) 11629 | -8/Garrison | Discovered new exit (range 23) 12136 | -8/Garrison | Entered Materials 12239 | -8/Materials | Garrison activated, responded to threat 12536 | -8/Materials | First assault squad dispatched 13568 | -8/Materials | Discovered new exit (range 4) 13974 | -8/Materials | Discovered new exit (range 16) 14275 | -8/Materials | Repaired Adv. Shield Generator 14673 | -8/Materials | Repaired Enh. Autogun 14894 | -8/Materials | Identified exit to Garrison 14905 | -8/Materials | Entered Garrison 14998 | -8/Garrison | DAS Turret deployed 15048 | -8/Garrison | Triggered checkpoint 15144 | -8/Garrison | Triggered checkpoint 15144 | -8/Garrison | Garrison Relay disabled 15312 | -8/Garrison | Garrison Relay disabled 15445 | -8/Garrison | Build established: Bothacker-Mutant 15534 | -8/Garrison | Triggered checkpoint 15578 | -8/Garrison | Garrison Relay disabled 15609 | -8/Garrison | Expanded RIF knowledge: Patrol Navigation 15680 | -8/Garrison | Discovered new exit (range 12) 15785 | -8/Garrison | Triggered checkpoint 15819 | -8/Garrison | Triggered checkpoint 15854 | -8/Garrison | Discovered new exit (range 21) 15854 | -8/Garrison | Discovered new exit (range 32) 15854 | -8/Garrison | Discovered new exit (range 47) 15951 | -8/Garrison | Triggered checkpoint 16012 | -8/Garrison | Garrison Relay disabled 16022 | -8/Garrison | Lost 3 allies 16062 | -8/Garrison | Expanded RIF knowledge: Hotswap 16132 | -8/Garrison | Entered Factory 16132 | -7/Factory | Evolved 2 slots: Propulsion x1, Utility x1 16133 | -7/Factory | Identified exit to Storage 16134 | -7/Factory | FarCom data flow suspended 16364 | -7/Factory | Build established: Botlord-Mutant 16478 | -7/Factory | Found Powered Armor 16932 | -7/Factory | First assault squad dispatched 17052 | -7/Factory | Garrison activated, responded to threat 17220 | -7/Factory | Build established: Bothacker-Mutant 17351 | -7/Factory | Sucked down chute 17351 | -7/Factory | Entered Waste 17352 | -7/Waste | Met a frightened Derelict 17361 | -7/Waste | 1 allies followed down the chute 17405 | -7/Waste | Spotted C-40 Crusher 17425 | -7/Waste | Spotted C-40 Crusher 17429 | -7/Waste | Spotted C-40 Crusher 17436 | -7/Waste | Spotted C-40 Crusher 17486 | -7/Waste | Spotted C-40 Crusher 17517 | -7/Waste | Spotted C-40 Crusher 17700 | -7/Waste | Discovered new exit (range 12) 17732 | -7/Waste | Destroyed C-40 Crusher 17965 | -7/Waste | Destroyed C-40 Crusher 18015 | -7/Waste | Destroyed C-40 Crusher 18212 | -7/Waste | Destroyed C-40 Crusher 18266 | -7/Waste | Destroyed C-40 Crusher 18300 | -7/Waste | Destroyed C-40 Crusher 18454 | -7/Waste | Warlord forces began an assault 18751 | -7/Waste | Entered Factory 18751 | -7/Factory | Accompanied by 16 allies 19168 | -7/Factory | Identified exit to Garrison 19168 | -7/Factory | Entered Garrison 19168 | -7/Garrison | Accompanied by 16 allies 19202 | -7/Garrison | Triggered checkpoint 19244 | -7/Garrison | Garrison Relay disabled 19317 | -7/Garrison | Garrison Relay disabled 19369 | -7/Garrison | Triggered checkpoint 19370 | -7/Garrison | Triggered checkpoint 19427 | -7/Garrison | Lost 7 allies 19518 | -7/Garrison | Discovered new exit (range 10) 19552 | -7/Garrison | Learned Factory security intel 19616 | -7/Garrison | Triggered checkpoint 19645 | -7/Garrison | Garrison Relay disabled 19720 | -7/Garrison | Triggered checkpoint 19766 | -7/Garrison | Triggered checkpoint 19799 | -7/Garrison | Discovered new exit (range 5) 19856 | -7/Garrison | Triggered checkpoint 19862 | -7/Garrison | Discovered new exit (range 10) 19929 | -7/Garrison | P-60 Hacker assimilated allied PB-2Y2(b) 19944 | -7/Garrison | P-60 Hacker assimilated allied Y2-K8M(m) 20056 | -7/Garrison | Garrison Relay disabled 20154 | -7/Garrison | Triggered checkpoint 20235 | -7/Garrison | Lost 3 allies 20269 | -7/Garrison | Build established: Botlord-Mutant 20301 | -7/Garrison | Expanded RIF knowledge: Threat Obfuscation 20351 | -7/Garrison | Discovered new exit (range 10) 20488 | -7/Garrison | Lost 3 allies 21023 | -7/Garrison | Entered Factory 21227 | -7/Factory | Garrison activated, responded to threat 21309 | -7/Factory | Discovered new exit (range 3) 21684 | -7/Factory | Build established: Bothacker-Mutant 22990 | -7/Factory | Discovered new exit (range 16) 23023 | -7/Factory | Build established: Botlord-Mutant 23211 | -7/Factory | Repaired Hvy. Treads 23291 | -7/Factory | Discovered new exit (range 15) 23799 | -7/Factory | Identified exit to Garrison 23799 | -7/Factory | Entered Garrison 23873 | -7/Garrison | DAS Turret deployed 23937 | -7/Garrison | Triggered checkpoint 23986 | -7/Garrison | Destroyed 7 combat bots 24027 | -7/Garrison | Triggered checkpoint 24052 | -7/Garrison | Garrison Relay disabled 24090 | -7/Garrison | Discovered new exit (range 12) 24115 | -7/Garrison | Found embedded Infiltrators 24139 | -7/Garrison | Triggered checkpoint 24171 | -7/Garrison | Triggered checkpoint 24204 | -7/Garrison | Garrison Relay disabled 24316 | -7/Garrison | Expanded RIF knowledge: Watcher Feeds 24542 | -7/Garrison | Discovered new exit (range 8) 24563 | -7/Garrison | Discovered new exit (range 49) 24563 | -7/Garrison | Discovered new exit (range 6) 24563 | -7/Garrison | Discovered new exit (range 50) 24629 | -7/Garrison | Triggered checkpoint 24697 | -7/Garrison | Triggered checkpoint 24738 | -7/Garrison | Garrison Relay disabled 24824 | -7/Garrison | Expanded RIF knowledge: Signal Jamming 25033 | -7/Garrison | Triggered checkpoint 25063 | -7/Garrison | Triggered checkpoint 25080 | -7/Garrison | Garrison Relay disabled 25452 | -7/Garrison | Entered Factory 25452 | -6/Factory | Accompanied by 1 ally 25452 | -6/Factory | Evolved 2 slots: Power x1, Utility x1 26215 | -6/Factory | Identified exit to Garrison 26221 | -6/Factory | Entered Garrison 26221 | -6/Garrison | Accompanied by 2 allies 26303 | -6/Garrison | Triggered checkpoint 26347 | -6/Garrison | Garrison Relay disabled 26419 | -6/Garrison | Garrison Relay disabled 26423 | -6/Garrison | Triggered checkpoint 26505 | -6/Garrison | Spotted B-75 Beast 26505 | -6/Garrison | Spotted B-75 Beast 26519 | -6/Garrison | Allies destroyed B-75 Beast 26540 | -6/Garrison | Destroyed B-75 Beast 26723 | -6/Garrison | Triggered checkpoint 26723 | -6/Garrison | Triggered checkpoint 26737 | -6/Garrison | Triggered checkpoint 26741 | -6/Garrison | Triggered checkpoint 26869 | -6/Garrison | Discovered new exit (range 10) 26886 | -6/Garrison | Found embedded Infiltrators 26920 | -6/Garrison | H-XX Assembler disabled 27045 | -6/Garrison | Triggered checkpoint 27079 | -6/Garrison | Garrison Relay disabled 27217 | -6/Garrison | Triggered checkpoint 27262 | -6/Garrison | Garrison Relay disabled 27291 | -6/Garrison | Triggered checkpoint 27327 | -6/Garrison | Expanded RIF knowledge: Command Fork 27365 | -6/Garrison | Discovered new exit (range 14) 27667 | -6/Garrison | Discovered new exit (range 12) 27679 | -6/Garrison | Triggered checkpoint 27729 | -6/Garrison | Garrison Relay disabled 27796 | -6/Garrison | Entered Factory 27796 | -5/Factory | Accompanied by 6 allies 27796 | -5/Factory | Evolved 2 slots: Utility x2 28249 | -5/Factory | Lost 3 allies 28512 | -5/Factory | Fabricated P-70 Sage (x2) 28687 | -5/Factory | Fabricated P-70 Sage? 28838 | -5/Factory | Fabricated P-70 Sage? 28958 | -5/Factory | Fabricated P-70 Sage? 29037 | -5/Factory | Fabricated P-70 Sage? 29147 | -5/Factory | Fabricated P-70 Sage? 29236 | -5/Factory | Fabricated P-70 Sage? 29299 | -5/Factory | Sage 6k assimilated hostile W-25 Informer 29301 | -5/Factory | Cargo convoy interrupted 29320 | -5/Factory | Sage 6j assimilated hostile H-66 Slayer 29332 | -5/Factory | Found Prototype Device 29332 | -5/Factory | Identified Exp. Phase Shifter 29336 | -5/Factory | Found Prototype Device 29336 | -5/Factory | Identified Exp. Force Field 29344 | -5/Factory | Lost 6 allies 29573 | -5/Factory | Sage 6e assimilated hostile H-66 Slayer 29596 | -5/Factory | First assault squad dispatched 29683 | -5/Factory | Sage 6l assimilated hostile O-24 Administrator 29696 | -5/Factory | Lost 4 allies 29878 | -5/Factory | Lost 4 allies 29900 | -5/Factory | Discovered new exit (range 12) 30133 | -5/Factory | Fabricated P-70 Sage (x2) 30295 | -5/Factory | Identified exit to Garrison 30315 | -5/Factory | Entered Garrison 30315 | -5/Garrison | Accompanied by 10 allies 30473 | -5/Garrison | Spotted B-75 Beast 30495 | -5/Garrison | Allies destroyed B-75 Beast 30526 | -5/Garrison | Lost 3 allies 30581 | -5/Garrison | Triggered checkpoint 30599 | -5/Garrison | Garrison Relay disabled 30697 | -5/Garrison | Spotted B-75 Beast 30720 | -5/Garrison | Triggered checkpoint 30724 | -5/Garrison | Allies destroyed B-75 Beast 30729 | -5/Garrison | Triggered checkpoint 30775 | -5/Garrison | Triggered checkpoint 30794 | -5/Garrison | Lost 10 allies 30823 | -5/Garrison | Triggered checkpoint 30900 | -5/Garrison | Discovered new exit (range 10) 30953 | -5/Garrison | Triggered checkpoint 30966 | -5/Garrison | Garrison Relay disabled 31021 | -5/Garrison | Expanded RIF knowledge: Code Merge 31118 | -5/Garrison | Discovered new exit (range 23) 31152 | -5/Garrison | Discovered new exit (range 55) 31152 | -5/Garrison | Discovered new exit (range 39) 31152 | -5/Garrison | Discovered new exit (range 16) 31252 | -5/Garrison | Spotted B-75 Beast 31253 | -5/Garrison | Spotted B-86 Titan 31256 | -5/Garrison | Rewired B-90 Cyclops 31263 | -5/Garrison | Allies destroyed B-75 Beast 31273 | -5/Garrison | Destroyed B-86 Titan 31281 | -5/Garrison | Rewired B-75 Beast 31289 | -5/Garrison | Triggered checkpoint 31348 | -5/Garrison | Garrison Relay disabled 31526 | -5/Garrison | Found Unknown Hackware 31530 | -5/Garrison | Found Unknown Hackware 31530 | -5/Garrison | Identified Relay Coupler [Proto] (x2) 31534 | -5/Garrison | Found Relay Coupler [Proto] 31574 | -5/Garrison | Identified exit to Factory 31659 | -5/Garrison | Entered Factory 31659 | -4/Factory | Accompanied by 3 allies 31659 | -4/Factory | Evolved 2 slots: Propulsion x1, Utility x1 32199 | -4/Factory | First assault squad dispatched 32215 | -4/Factory | Allies destroyed Cyclops 6a 32257 | -4/Factory | Lost 8 allies 32291 | -4/Factory | Identified exit to Garrison 32291 | -4/Factory | Entered Garrison 32357 | -4/Garrison | Triggered checkpoint 32372 | -4/Garrison | Garrison Relay disabled 32484 | -4/Garrison | Garrison Relay disabled 32559 | -4/Garrison | Destroyed 8 combat bots 32682 | -4/Garrison | Expanded RIF knowledge: Program Shield 32916 | -4/Garrison | Spotted B-86 Titan 32926 | -4/Garrison | Allies destroyed B-86 Titan 32929 | -4/Garrison | Triggered checkpoint 32933 | -4/Garrison | Triggered checkpoint 32944 | -4/Garrison | Triggered checkpoint 32951 | -4/Garrison | Triggered checkpoint 32988 | -4/Garrison | Lost 3 allies 33046 | -4/Garrison | Garrison Relay disabled 33077 | -4/Garrison | Triggered checkpoint 33219 | -4/Garrison | Discovered new exit (range 3) 33237 | -4/Garrison | Spotted Executioner 33239 | -4/Garrison | Spotted Executioner 33256 | -4/Garrison | Allies destroyed Executioner 33258 | -4/Garrison | Destroyed Executioner 33295 | -4/Garrison | Rewired Striker 33304 | -4/Garrison | Rewired Striker 33455 | -4/Garrison | Discovered new exit (range 12) 33469 | -4/Garrison | Triggered checkpoint 33521 | -4/Garrison | Garrison Relay disabled 33675 | -4/Garrison | Triggered checkpoint 33692 | -4/Garrison | Garrison Relay disabled 33787 | -4/Garrison | Discovered new exit (range 14) 33838 | -4/Garrison | Entered Research 33838 | -3/Research | Accompanied by 12 allies 33838 | -3/Research | Evolved 2 slots: Propulsion x1, Utility x1 33952 | -3/Research | Identified exit to Garrison 33975 | -3/Research | Entered Garrison 33975 | -3/Garrison | Accompanied by 13 allies 34001 | -3/Garrison | Triggered checkpoint 34087 | -3/Garrison | Triggered checkpoint 34094 | -3/Garrison | Triggered checkpoint 34100 | -3/Garrison | Triggered checkpoint 34139 | -3/Garrison | Lost 8 allies 34193 | -3/Garrison | Discovered new exit (range 8) 34208 | -3/Garrison | Spotted B-75 Beast 34212 | -3/Garrison | Spotted B-75 Beast 34223 | -3/Garrison | Rewired B-86 Titan 34225 | -3/Garrison | Rewired B-86 Titan 34226 | -3/Garrison | Allies destroyed B-75 Beast 34247 | -3/Garrison | Allies destroyed Striker 34249 | -3/Garrison | Allies destroyed B-75 Beast 34349 | -3/Garrison | Triggered checkpoint 34384 | -3/Garrison | Garrison Relay disabled 34533 | -3/Garrison | Garrison Relay disabled 34543 | -3/Garrison | Triggered checkpoint 34595 | -3/Garrison | Discovered new exit (range 3) 34783 | -3/Garrison | Expanded RIF knowledge: Alert ID Control 34849 | -3/Garrison | Discovered new exit (range 14) 34903 | -3/Garrison | Triggered checkpoint 34925 | -3/Garrison | Garrison Relay disabled 34947 | -3/Garrison | Triggered checkpoint 35546 | -3/Garrison | Entered Research 35546 | -3/Research | Accompanied by 10 allies 35620 | -3/Research | Spotted B-86 Titan 35624 | -3/Research | Garrison activated, responded to threat 35642 | -3/Research | Allies destroyed B-86 Titan 35687 | -3/Research | Lost 7 allies 35796 | -3/Research | First assault squad dispatched 35927 | -3/Research | Garrison activated, responded to threat 35944 | -3/Research | High security lockdown imminent 35985 | -3/Research | Assimilated ARC 8a with formatsys_deep 35995 | -3/Research | Discovered new exit (range 9) 36009 | -3/Research | Identified exit to Testing 36024 | -3/Research | High security lockdown engaged 36065 | -3/Research | Entered Testing 36065 | -3/Testing | Accompanied by 8 allies 36065 | -3/Testing | Spotted PP-LRO0Y0347U 36066 | -3/Testing | Lost 7 allies 36187 | -3/Testing | Lost 3 allies 36212 | -3/Testing | Spotted Alpha 7 36239 | -3/Testing | Destroyed Alpha 7 36315 | -3/Testing | First assault squad dispatched 36318 | -3/Testing | Rewired 06-NHZ(K) 36319 | -3/Testing | Rewired HL-Q6K(K) 36320 | -3/Testing | Rewired FP-9CL(K) 36412 | -3/Testing | Lost 4 allies 36665 | -3/Testing | Found Prototype Ballistic Cannon 36755 | -3/Testing | System corruption reached 10% 36760 | -3/Testing | Lost 5 allies 36811 | -3/Testing | Found Quantum Capacitor 36856 | -3/Testing | Lost 3 parts (1n2u) 36908 | -3/Testing | Spotted Striker 36923 | -3/Testing | Spotted PG-S7PIAJWX5X 37206 | -3/Testing | Discovered new exit (range 15) 37226 | -3/Testing | Identified exit to Garrison 37234 | -3/Testing | Entered Garrison 37234 | -3/Garrison | Accompanied by 1 ally 37262 | -3/Garrison | Triggered checkpoint 37265 | -3/Garrison | Spotted B-86 Titan 37282 | -3/Garrison | Destroyed B-86 Titan 37498 | -3/Garrison | Garrison Relay disabled 37528 | -3/Garrison | Expanded RIF knowledge: Zone Cloak 37624 | -3/Garrison | Spotted B-86 Titan 37627 | -3/Garrison | Triggered checkpoint 37629 | -3/Garrison | Triggered checkpoint 37636 | -3/Garrison | Triggered checkpoint 37644 | -3/Garrison | Allies destroyed B-86 Titan 37651 | -3/Garrison | Triggered checkpoint 37680 | -3/Garrison | Lost 3 allies 37798 | -3/Garrison | Expanded RIF knowledge: Crosswire 37850 | -3/Garrison | Discovered new exit (range 11) 38151 | -3/Garrison | Discovered new exit (range 13) 38244 | -3/Garrison | Triggered checkpoint 38297 | -3/Garrison | Garrison Relay disabled 38313 | -3/Garrison | Identified Omega Cannon 38512 | -3/Garrison | Triggered checkpoint 38554 | -3/Garrison | Garrison Relay disabled 38696 | -3/Garrison | Spotted Striker 38730 | -3/Garrison | Discovered new exit (range 4) 38954 | -3/Garrison | Found embedded Infiltrators 39012 | -3/Garrison | Triggered checkpoint 39050 | -3/Garrison | Garrison Relay disabled 39297 | -3/Garrison | Entered Research 39297 | -2/Research | Accompanied by 27 allies 39297 | -2/Research | Evolved 2 slots: Power x1, Weapon x1 39547 | -2/Research | First assault squad dispatched 39587 | -2/Research | Discovered new exit (range 22) 39611 | -2/Research | Garrison activated, responded to threat 39654 | -2/Research | Identified exit to Garrison 39662 | -2/Research | Entered Garrison 39662 | -2/Garrison | Accompanied by 26 allies 39670 | -2/Garrison | Spotted B-86 Titan 39671 | -2/Garrison | Spotted B-90 Cyclops 39673 | -2/Garrison | Rewired B-90 Cyclops 39675 | -2/Garrison | Rewired B-90 Cyclops 39699 | -2/Garrison | Triggered checkpoint 39712 | -2/Garrison | Discovered new exit (range 5) 39776 | -2/Garrison | Triggered checkpoint 39790 | -2/Garrison | Garrison Relay disabled 39890 | -2/Garrison | Spotted B-90 Cyclops 39892 | -2/Garrison | Triggered checkpoint 39913 | -2/Garrison | Allies destroyed B-90 Cyclops 39918 | -2/Garrison | Triggered checkpoint 39966 | -2/Garrison | Triggered checkpoint 39976 | -2/Garrison | Garrison Relay disabled 39978 | -2/Garrison | Lost 6 allies 40012 | -2/Garrison | Triggered checkpoint 40027 | -2/Garrison | Discovered new exit (range 13) 40028 | -2/Garrison | Triggered checkpoint 40180 | -2/Garrison | Triggered checkpoint 40191 | -2/Garrison | Garrison Relay disabled 40262 | -2/Garrison | Discovered new exit (range 12) 40320 | -2/Garrison | Build established: Commander-Mutant 40343 | -2/Garrison | Discovered new exit (range 12) 40384 | -2/Garrison | Triggered checkpoint 40402 | -2/Garrison | Garrison Relay disabled 40812 | -2/Garrison | Garrison Relay disabled 40974 | -2/Garrison | Build established: Commander-Gunner 40982 | -2/Garrison | Expanded RIF knowledge: Structural Interface 41161 | -2/Garrison | Entered Research 41161 | -2/Research | Accompanied by 36 allies 41265 | -2/Research | Identified exit to Quarantine 41313 | -2/Research | Discovered new exit (range 8) 41332 | -2/Research | Found Quantum Capacitor 41342 | -2/Research | Lost 3 allies 41661 | -2/Research | Spotted B-90 Cyclops 41717 | -2/Research | Lost 5 allies 41723 | -2/Research | Spotted B-90 Cyclops 41732 | -2/Research | Allies destroyed B-90 Cyclops 41781 | -2/Research | Repaired Rnf. Antimatter Reactor 41856 | -2/Research | Repaired Adv. Heavy Siege Treads 41914 | -2/Research | Repaired Adv. Cooling System 41982 | -2/Research | Entered Quarantine 41982 | -2/Quarantine | Accompanied by 25 allies 41998 | -2/Quarantine | Garrison activated, responded to threat 42002 | -2/Quarantine | Lost 4 allies 42081 | -2/Quarantine | Cryocooling Duct disabled 42096 | -2/Quarantine | Ambient heat levels rising (+20) 42096 | -2/Quarantine | Non-combat units ordered to evacuate 42135 | -2/Quarantine | Lost 3 allies 42277 | -2/Quarantine | Build established: Botlord-Gunner 42371 | -2/Quarantine | Found Alien Artifact 42469 | -2/Quarantine | Lost 3 allies 42553 | -2/Quarantine | Found Alien Energy Cannon 42553 | -2/Quarantine | Identified Core Cannon 42690 | -2/Quarantine | Found Alien Artifact 42725 | -2/Quarantine | Identified Core Reset Matrix 42725 | -2/Quarantine | Identified Subatomic Replicator 43050 | -2/Quarantine | Discovered new exit (range 11) 43059 | -2/Quarantine | Spotted Alpha 7 43065 | -2/Quarantine | Destroyed Alpha 7 43292 | -2/Quarantine | Spotted Fortress 43294 | -2/Quarantine | Assimilated Fortress with formatsys_high 43417 | -2/Quarantine | Discovered new exit (range 6) 43493 | -2/Quarantine | Entered Section 7 43493 | -2/Section 7 | Accompanied by 21 allies 43493 | -2/Section 7 | Spotted S7 Guard 43507 | -2/Section 7 | Allies destroyed S7 Guard 43508 | -2/Section 7 | Found Alien Artifact 43521 | -2/Section 7 | Found Prototype Protection 43549 | -2/Section 7 | Spotted S7 Guard 43565 | -2/Section 7 | Build established: Botlord-Tank 43586 | -2/Section 7 | Allies destroyed S7 Guard 43605 | -2/Section 7 | Found Alien Artifact 43863 | -2/Section 7 | Spotted S7 Guard 43878 | -2/Section 7 | Allies destroyed S7 Guard 43886 | -2/Section 7 | Found Alien Artifact 44103 | -2/Section 7 | Lost 5 allies 44105 | -2/Section 7 | Found Alien Artifact 44105 | -2/Section 7 | Identified Integrity Redistributor 44105 | -2/Section 7 | Used Integrity Redistributor, redistributed integrity from core (-143) 44140 | -2/Section 7 | Found Alien Artifact 44140 | -2/Section 7 | Identified Integrated Reactor 44140 | -2/Section 7 | Installed Integrated Reactor, increased core energy generation (+10) 44204 | -2/Section 7 | Garrison activated, responded to threat 44236 | -2/Section 7 | Identified Core Physics Calibrator 44236 | -2/Section 7 | Identified Integrated Thermoelectric Network 44236 | -2/Section 7 | Installed Integrated Thermoelectric Network, gained heat-energy exchange potential 44413 | -2/Section 7 | Lost 4 allies 44617 | -2/Section 7 | Spotted S7 Guard 44780 | -2/Section 7 | Destroyed S7 Guard 44797 | -2/Section 7 | Found Alien Artifact 44815 | -2/Section 7 | System corruption reached 10% 44952 | -2/Section 7 | Identified Navigation Efficiency Matrix 44952 | -2/Section 7 | Identified Core Regenerator 45005 | -2/Section 7 | Spotted Executioner 45009 | -2/Section 7 | Spotted Executioner 45016 | -2/Section 7 | Destroyed Executioner 45032 | -2/Section 7 | Found Prototype Processor 45035 | -2/Section 7 | Found Exp. Targeting Computer 45070 | -2/Section 7 | Destroyed Executioner 45147 | -2/Section 7 | Spotted B-99 Colossus 45167 | -2/Section 7 | Hijacked Colossus 9a control node with streamctrl_high 45223 | -2/Section 7 | Destroyed Colossus 9a 45293 | -2/Section 7 | Found Alien Artifact 45293 | -2/Section 7 | Identified Core Expander 45293 | -2/Section 7 | Installed Core Expander, added new Weapon slot 45344 | -2/Section 7 | Found Alien Artifact 45344 | -2/Section 7 | Identified LRC Energy Well 45344 | -2/Section 7 | Installed LRC Energy Well, increased energy storage capacity (+250) 45460 | -2/Section 7 | Build established: Botlord-Gunner 45631 | -2/Section 7 | Identified exit to Garrison 45755 | -2/Section 7 | Entered Garrison 45755 | -2/Garrison | Accompanied by 1 ally 45781 | -2/Garrison | Identified Hvy. Regenerative Plating 45801 | -2/Garrison | Triggered checkpoint 46033 | -2/Garrison | Garrison Relay disabled 46048 | -2/Garrison | Lost 4 allies 46099 | -2/Garrison | Spotted B-90 Cyclops 46149 | -2/Garrison | Triggered checkpoint 46153 | -2/Garrison | Identified Exp. Core Analyzer 46156 | -2/Garrison | Destroyed B-90 Cyclops 46177 | -2/Garrison | Lost 4 allies 46461 | -2/Garrison | Triggered checkpoint 46490 | -2/Garrison | Garrison Relay disabled 46557 | -2/Garrison | Discovered new exit (range 14) 46585 | -2/Garrison | Expanded RIF knowledge: Autooverride 46657 | -2/Garrison | Triggered checkpoint 46675 | -2/Garrison | Triggered checkpoint 46723 | -2/Garrison | Discovered new exit (range 13) 46777 | -2/Garrison | Found Unknown Device 46777 | -2/Garrison | Identified Adv. Force Booster 46819 | -2/Garrison | Triggered checkpoint 46866 | -2/Garrison | Rescued a captive Derelict 46868 | -2/Garrison | Build established: Botlord-Mutant 46871 | -2/Garrison | Rescued a captive Derelict 46896 | -2/Garrison | Garrison Relay disabled 47145 | -2/Garrison | Triggered checkpoint 47186 | -2/Garrison | Garrison Relay disabled 47207 | -2/Garrison | Garrison Relay disabled 47253 | -2/Garrison | Discovered new exit (range 13) 47663 | -2/Garrison | Entered Access 47663 | -1/Access | Accompanied by 10 allies 47663 | -1/Access | Evolved 2 slots: Utility x2 47800 | -1/Access | Lost 7 allies 47994 | -1/Access | Fabricated G-73 Enforcer (x3) 48068 | -1/Access | Fabricated G-73 Enforcer (x3) 48117 | -1/Access | P-80 Master assimilated allied Conveyor 9a 48126 | -1/Access | Fabricated P-70 Sage? 48226 | -1/Access | Fabricated G-73 Enforcer (x3) 48308 | -1/Access | Fabricated G-73 Enforcer (x3) 48382 | -1/Access | Fabricated G-73 Enforcer (x1) 48438 | -1/Access | Fabricated P-70 Sage (x2) 48543 | -1/Access | Lost 4 allies 48609 | -1/Access | Lost 3 allies 48682 | -1/Access | Build established: Botlord-Gunner 48774 | -1/Access | Lost 3 allies 48823 | -1/Access | Lost 8 allies 49238 | -1/Access | Identified exit to Surface 49376 | -1/Access | Fabricated P-70 Sage (x2) 49393 | -1/Access | Sage 10d assimilated hostile W-44 Eye 49433 | -1/Access | Fabricated P-70 Sage (x2) 49689 | -1/Access | Discovered new exit (range 7) 49707 | -1/Access | Entered Command 49707 | -1/Command | Accompanied by 4 allies 49722 | -1/Command | Lost 7 allies 49790 | -1/Command | Found Fusion Bomb Launcher 50254 | -1/Command | Lost 4 allies 50441 | -1/Command | Spotted Combat Programmer 50499 | -1/Command | Used Subatomic Replicator to replicate Omega Cannon 50506 | -1/Command | Used Core Regenerator, restored core integrity (+227) 50523 | -1/Command | Met MAIN.C 50583 | -1/Command | Destroyed MAIN.C Shell 50586 | -1/Command | MAIN.C activated Command garrisons 50586 | -1/Command | Surrendered to MAIN.C 50586 | -1/Command | Loaded intel: 52 machine locations 50586 | -1/Command | Loaded intel: 99 trap records 50586 | -1/Command | Discovered exit to Surface (range 54) 50586 | -1/Command | Discovered exit to Surface (range 98) 50736 | -1/Command | Found Prototype Device 50736 | -1/Command | Identified Exp. Transmission Jammer 50739 | -1/Command | Found Prototype Device 50739 | -1/Command | Identified Exp. Focal Shield 50742 | -1/Command | Found Prototype Device 50742 | -1/Command | Identified Exp. System Purifier 50754 | -1/Command | Found Prototype Reactor 50754 | -1/Command | Identified Vortex Chain Reactor 50758 | -1/Command | Found Vortex Chain Reactor 50768 | -1/Command | Found Omega Cannon 50820 | -1/Command | MAIN.C activated Command garrisons 50862 | -1/Command | Unknown forces attacked Command 50862 | -1/Command | Spotted EQ-004 50862 | -1/Command | Spotted EQ-001 50862 | -1/Command | Spotted EQ-003 50862 | -1/Command | Spotted EQ-006 50862 | -1/Command | Spotted EQ-002 50862 | -1/Command | Spotted EQ-005 50863 | -1/Command | Spotted EQ-000 50867 | -1/Command | Destroyed EQ-001 50878 | -1/Command | Destroyed EQ-000 50951 | -1/Command | Spotted EQ-018 50951 | -1/Command | Spotted EQ-020 50951 | -1/Command | Spotted EQ-019 50951 | -1/Command | Spotted EQ-037 50956 | -1/Command | Destroyed EQ-020 50969 | -1/Command | Destroyed EQ-019 50971 | -1/Command | Destroyed EQ-018 50977 | -1/Command | Spotted EQ-017 50991 | -1/Command | Spotted EQ-026 50991 | -1/Command | Spotted EQ-009 50992 | -1/Command | Spotted EQ-012 50994 | -1/Command | Lost 3 allies 50999 | -1/Command | Destroyed EQ-009 51065 | -1/Command | Spotted EQ-055 51065 | -1/Command | Spotted EQ-038 51065 | -1/Command | Spotted EQ-040 51065 | -1/Command | Spotted EQ-039 51067 | -1/Command | Destroyed EQ-038 51077 | -1/Command | Destroyed EQ-055 51080 | -1/Command | Destroyed EQ-040 51085 | -1/Command | Destroyed EQ-039 51113 | -1/Command | Lost 3 allies 51135 | -1/Command | Spotted EQ-050 51148 | -1/Command | Destroyed EQ-050 51151 | -1/Command | Destroyed EQ-044 51167 | -1/Command | Build established: Scavenger-Gunner 51182 | -1/Command | Destroyed EQ-060 51182 | -1/Command | Spotted EQ-062 51182 | -1/Command | Spotted EQ-061 51182 | -1/Command | Spotted EQ-063 51189 | -1/Command | Destroyed EQ-063 51197 | -1/Command | All MAIN.C guards destroyed 51207 | -1/Command | Destroyed EQ-062 51281 | -1/Command | Spotted EQ-088 51281 | -1/Command | Spotted EQ-089 51281 | -1/Command | Spotted EQ-085 51281 | -1/Command | Spotted EQ-084 51281 | -1/Command | Spotted EQ-086 51281 | -1/Command | Spotted EQ-106 51301 | -1/Command | Destroyed EQ-089 51303 | -1/Command | System corruption reached 10% 51305 | -1/Command | Spotted EQ-081 51313 | -1/Command | Destroyed EQ-086 51322 | -1/Command | Attackers retreated from Command 51323 | *** | Fortifying 0b10! Last Messages --------------- 51312_ Acquired 5 matter. 51313_ EQ-086 destroyed. 51314_ Acquired 12 matter. 51314_ EQ-081 suffers critical hit (Blast). 51315_ 57JJ4IITS=OFEM|YVELF<2NKM D9EV#%=6 |RB> 51316_ EQ-081 suffers critical hit (Blast). 51316_ Destroyed Prototype Leg. 51316_ Destroyed Prototype Device. 51317_ Acquired 4 matter. 51317_ Penetrated by Slug. 51321_ System corrupted: Omega Cannon jammed. 51321_ EQ-081 destroyed. 51322_ ALERT: Enemy forces retreating. MAIN.C: I admit your assistance was pivotal here. It looks like I was right to trust you. This attack appears to have been designed to merely test our defenses, although it was nearly effective enough to force me to take the conflict to the next level. Investigating the origins of these bots should be one of our highest priorities... Map ----- +----------------------------------------------------+ | ???????????????????????????????????????????#?#?#?? | | ???????????????????????????????????????????#?#?#?? | | ???????????????????????????????????????????#?#?#?? | | ???????????????????????????????????????????#?#?#?? | | ???????????????????????????????????????????#?#?#?? | | ???????????????????????????????????????????#?#?#?? | | ???????????????????????????????????????????#?#?#?? | | ???????????????????????????????????????????#?#?#?? | | ????????????###########################????#?#?#?? | | ????????????#?????????????????????????#????#?#?#?? | | ????????????#?#######################?#????#?#?#?? | | ????????????#?#""""""% % % ############## | | ????????????#?#"" % % %= #?#??????????? | | ????????????#?#"""" ! % %%############## | | ????????????#?#"" % % %% % | | ????????????#?# % ! =% %[% % | | ????????????#?# ]==% | | ????????????#?#"" ] % ############## | | ????????????#?# " " % #?#??????????? | | ????????????#?# " ############## | | ????????????#?# " ""#?#????#?#?#?? | | ????????????#?#" """#?#????#?#?#?? | | ????????????#?# """""#?#????#?#?#?? | | ???#????????#?# ! """""#?#????#?#?#?? | | ??## # ???#?# " #?#????#?#?#?? | | ###" #### @ #?#????#?#?#?? | | % % M " #?#????#?#?#?? | | [ % %% " ""%#?#????#?#?#?? | | =% % % " #?#????#?#?#?? | | =% ####= ! #?#????#?#?#?? | | " #?#?# ! " %"#?#????#?#?#?? | | # ### #?#?# %!#?#????#?#?#?? | | # #?#]] #?#?#######################?#????#?#?#?? | | # #?#]! #?#?????????????????????????#????#?#?#?? | | # #?# #?###########################????#?#?#?? | | # #?# #????????????????????????????????#?#?#?? | | # #?# #????????????????????????????????#?#?#?? | | # #?#####????????????????????????????????#?#?#?? | | # #??????????????????????????????????????#?#?#?? | | # #??????????????????????????????????????#?#?#?? | | # #??????????????????????????????????????#?#?#?? | | ## #??????????????????????????????????????#?#?#?? | | ## #??????????????????????????????????????#?#?#?? | | ## #??????????????????????????????????????#?#?#?? | | ## #??????????????????????????????????????#?#?#?? | | ## ##?????????????????????????????????????#?#?#?? | | # ##############????????????????????????#?#?#?? | | # #????????????????????????#?#?#?? | | # T#????????????????????????#?#?#?? | | # ######### ##????????????????????????#?#?#?? | +----------------------------------------------------+ Best States ------------- Heat Dissipation 118 Coolant Potential 100 Energy Generation 89 Energy Capacity 1200 Matter Stores 300 Matter Capacity 300 Sight Range 23 Terrain Scan Density 10 Jamming Range 12 Additional Mass Support 25 Armor Coverage 1200 Resistance: KI 30 Utility Shielding 66 Weapon Cycling 25 Evasion (%) 40 Targeting Accuracy 12 Core Analysis 8 Recoil Reduction 6 Matter Filtering 50 Kinecelleration 40 Offensive Hacking 12 Relay Coupler Types 10 Relay Coupler Value 246 Authchip Count 3 Trap Extractor Capacity 6 Item Schematics ----------------- Cargo Storage Unit | -10/Materials | Hacked Huge Storage Unit | -10/Materials | Hacked Adv. Treads | -9/Materials | Scanalyzed Reactive Plating | -9/Materials | Scanalyzed Hacking Suite | -9/Materials | Scanalyzed Imp. KE Penetrator | -3/Testing | Archive Cld. Impulse Thruster | -3/Testing | Archive Exp. Targeting Computer | -3/Testing | Archive Adv. Thermal Defense Suite | -3/Testing | Archive Hvy. Wave Gun | -2/Quarantine | Archive Beam Splitter | -2/Quarantine | Archive Hvy. Tesla Rifle | -2/Section 7 | Archive Com. Mass Driver | -2/Section 7 | Archive Adv. Micro-nuke Launcher | -2/Section 7 | Archive Cld. Q-thruster | -2/Section 7 | Archive Adv. EM Disruption Field | -2/Section 7 | Archive Imp. Diametric Drive | -2/Section 7 | Archive Cld. Nuclear Pulse Thruster | -2/Section 7 | Archive Imp. Matter Compressor | -2/Section 7 | Archive Enh. Biometal Leg | -2/Section 7 | Archive Adv. Dynamic Insulation System | -2/Section 7 | Archive Cld. Linear Gravjet | -2/Section 7 | Archive Adv. KE Penetrator | -2/Section 7 | Archive Tesla Bomb Launcher | -2/Section 7 | Archive Enh. Force Rifle | -2/Section 7 | Archive Imp. Quantum Reactor | -2/Section 7 | Archive Exp. Optical Array | -2/Section 7 | Archive Robot Schematics ------------------ M-13 Machinist | -10/Materials | Hacked P-70 Sage | -5/Factory | Hacked G-67 Veteran | -3/Testing | Archive G-73 Enforcer | -2/Quarantine | Archive A-27 Freighter | -2/Section 7 | Archive Fabricated ------------ P-70 Sage | x2 | -5/Factory | Authchip P-70 Sage | x2 | -5/Factory | Authchip P-70 Sage | x2 | -5/Factory | Authchip P-70 Sage | x2 | -5/Factory | Authchip P-70 Sage | x2 | -5/Factory | Authchip P-70 Sage | x2 | -5/Factory | Authchip P-70 Sage | x2 | -5/Factory | Authchip P-70 Sage | x2 | -5/Factory | Authchip G-73 Enforcer | x3 | -1/Access | Authchip G-73 Enforcer | x3 | -1/Access | Authchip P-70 Sage | x2 | -1/Access | Authchip G-73 Enforcer | x3 | -1/Access | Authchip G-73 Enforcer | x3 | -1/Access | Authchip G-73 Enforcer | x1 | -1/Access | Authchip P-70 Sage | x2 | -1/Access | Authchip P-70 Sage | x2 | -1/Access | Authchip P-70 Sage | x2 | -1/Access | Authchip Alien Tech Used ----------------- Core Cannon Integrity Redistributor Integrated Reactor Integrated Thermoelectric Network Core Expander LRC Energy Well Core Physics Calibrator Subatomic Replicator Core Regenerator Achievements -------------- None Challenges ------------ None Game ------ Seed DeuteriumSalvagingStick Manual? 0 Play Time 06:32:28 Cumulative 516.1 hours Start 2024.09.22 @ 09:38:49 End 2024.09.25 @ 17:20:00 Sessions 24 Manual Loads 0 Difficulty Rogue Special Mode None Game No. 300 Rogue 300 Adventurer 0 Explorer 0 Win Type 8 Total 38 Types 26/3/4/1/1/0/1/1/1 Lore% 81 Gallery% 85 Achievement% 85 Wizard Run 0 Options --------- Layout 0 ASCII 0 Keyboard 1 Movement Numpad Keybinds 0 Fullscreen 2 Font 18/SmallcapsGlow Map View 76x50 Zoom Use 0% Tactical HUD 1 Map Filters NONE Filters NONE Steam 1 RUN: e8d197a1-6b24-4f0d-ab9b-030e7771e269